Cogmind - Beta 13 @@@ ROGUE MODE // 2024.07.25 @ 20:15:36 Player: Sionnis Result: Destroyed by EQ-128 with Nova Cannon Performance ------------- Evolutions (9) 4500 Regions Visited (34) 6800 Robots Destroyed (186) 930 Value Destroyed (7072) 7072 Prototype IDs (105) 2100 Alien Tech Used (6) 1200 Bonus (24396) 24396 TOTAL SCORE: 46998 Bonus ------- High Alert Combat Kills 490 Follower Combat Kills 2937 Met Data Miner 300 Met Zhirov 300 Met Warlord at Base 500 MAIN.C Attacked Warlord 500 Met Warlord at Research 2000 Hacked God Mode 5000 Scanned by Researcher 500 Acquired SGEMP 2000 Delivered SGEMP 2000 Met MAIN.C 5000 Destroyed MAIN.C Shell 5000 Friendly Fire -2131 Cogmind --------- Core Integrity 0/1600 Matter 257/300 Energy 1075/1075 System Corruption 0% Temperature Cool (37) Movement Treading (162) Location -1/Command Parts ------- > --- POWER (2) -------- Reinforced Antimatter Reactor Improved Quantum Reactor > --- PROPULSION (6) --- Medium Treads Medium Treads Medium Treads Armored Heavy Treads > --- UTILITY (13) ----- Advanced Energy Well Spectral Analyzer Advanced Targeting Computer Experimental Targeting Computer Advanced Target Analyzer Experimental Core Analyzer Experimental Core Analyzer Experimental Armor Integrity Analyzer Experimental Core Shielding Centrium Medium Armor Plating > --- WEAPON (4) ------- Helical Railgun Helical Railgun Multirail Compact Linear Accelerator > --- INVENTORY (5) ---- Improved Quantum Reactor Medium Treads Improved Core Shielding Transdimensional Reconstructor Transdimensional Reconstructor Peak State ------------ > --- POWER ------------ Vortex Chain Reactor > --- PROPULSION ------- Improved Cesium-ion Thruster Experimental Cesium-ion Thruster Electron Diverter Improved Diametric Drive Cooled Impulse Thruster Cooled Impulse Thruster > --- UTILITY ---------- Medium Storage Unit Advanced Energy Well Quantum Shading Machine Spectral Analyzer Experimental Sensor Array Advanced Signal Interpreter Experimental Core Analyzer Precision Energy Filter Experimental Utility Shielding Deep Network Scanner Deep Network Scanner Quantum Router > --- WEAPON ----------- Core Cannon Omega Cannon > --- INVENTORY -------- Stasis Canceller Improved Medium Armor Plating Transdimensional Reconstructor Transdimensional Reconstructor [Rating: 219] Favorites ----------- Power Ion Engine Engine Ion Engine Power Core Backup Power VII Reactor Light Particle Reactor Propulsion Improved Cesium-ion Thruster Treads Light Treads Flight Unit Improved Cesium-ion Thruster Utility Advanced Hacking Suite Device Experimental Sensor Array Storage Medium Storage Unit Processor Advanced Signal Interpreter Hackware Advanced Hacking Suite Protection Hardened Light Armor Plating Artifact Phase Redirector Weapon Improved Assault Rifle Energy Gun Spread Laser Energy Cannon Beam Cannon Ballistic Gun Improved Assault Rifle Ballistic Cannon Graviton Cannon Launcher Precision Grenade Launcher Impact Weapon Shock Maul Slashing Weapon Katana Piercing Weapon Makeshift Spear Special Melee Weapon Advanced Datajack Build | -11 -10 -10 -9 -9 -8 -7 -7 -7 -7 -6 -6 -6 -6 -6 -6 -6 -5 -5 -5 -5 -5 -4 -4 -4 -4 -4 -3 -3 -3 -2 -2 -2 -1 -1 ------- Run | Yrd Mat Min Mat Min Mat Fac Low Low Zio Pro Fac Was Fac Low Low Dat Pro Fac Upp Upp War Pro Fac Upp Upp Zhi Pro Res Tes Res Qua Sec Acc Com Slots Evolved 18 | . . . 2 . 2 2 . . . . 2 . . . . . . 2 . . . . 2 . . . . 2 . 2 . . 2 . Power 1 | . . . . . . . . . . . . . . . . . . 1 . . . . . . . . . . . . . . . . Propulsion 4 | . . . 1 . 1 . . . . . 1 . . . . . . 1 . . . . . . . . . . . . . . . . Utility 11 | . . . 1 . 1 2 . . . . 1 . . . . . . . . . . . 2 . . . . 2 . 1 . . 1 . Weapon 2 | . . . . . . . . . . . . . . . . . . . . . . . . . . . . . . 1 . . 1 . Parts Attached 362 | 6 5 4 28 4 28 15 . . 2 5 17 2 21 3 4 1 5 13 6 1 12 4 23 3 2 8 5 17 33 8 17 3 5 52 Power 50 | 1 1 . 5 1 4 1 . . . 1 2 1 . . 1 . 1 3 . . . . 4 2 . 1 1 6 4 2 1 2 . 5 Engine 10 | 1 1 . 5 1 1 1 . . . . . . . . . . . . . . . . . . . . . . . . . . . . Core 20 | . . . . . 3 . . . . 1 2 1 . . 1 . 1 3 . . . . 2 1 . . . 3 . . 1 1 . . Reactor 20 | . . . . . . . . . . . . . . . . . . . . . . . 2 1 . 1 1 3 4 2 . 1 . 5 Propulsion 67 | 2 1 . 9 2 10 1 . . . 2 9 1 1 . 1 . 1 3 . . 1 . 4 1 . . . 1 5 3 2 . . 7 Treads 26 | 2 1 . 8 2 6 . . . . . . . . . . . . . . . . . . . . . . . . . . . . 7 Leg . | . . . . . . . . . . . . . . . . . . . . . . . . . . . . . . . . . . . Wheel . | . . . . . . . . . . . . . . . . . . . . . . . . . . . . . . . . . . . Hover . | . . . . . . . . . . . . . . . . . . . . . . . . . . . . . . . . . . . Flight 41 | . . . 1 . 4 1 . . . 2 9 1 1 . 1 . 1 3 . . 1 . 4 1 . . . 1 5 3 2 . . . Utility 165 | 1 2 4 7 1 8 6 . . 1 1 4 . 17 3 2 1 2 6 5 1 6 2 12 . . 6 4 7 14 1 10 1 4 26 Device 64 | . . 2 1 . 2 2 . . 1 . 1 . 7 1 1 . 1 2 2 1 2 1 5 . . 2 2 3 8 1 5 1 1 9 Storage 6 | 1 1 . . . 1 . . . . . . . . . . . . . . . . . . . . . . . . . 1 . 1 1 Processor 20 | . . . 1 . 1 3 . . . . 1 . 2 . . . . 1 . . 2 . . . . . . 1 . . 1 . . 7 Hackware 16 | . . . . . 2 1 . . . 1 1 . 3 . . . . . . . . . 3 . . 1 . . 1 . . . 2 1 Protection 58 | . 1 2 5 1 2 . . . . . 1 . 5 2 1 1 1 3 3 . 2 1 4 . . 3 2 3 5 . 2 . . 8 Artifact 1 | . . . . . . . . . . . . . . . . . . . . . . . . . . . . . . . 1 . . . Weapon 80 | 2 1 . 7 . 6 7 . . 1 1 2 . 3 . . . 1 1 1 . 5 2 3 . 2 1 . 3 10 2 4 . 1 14 Energy Gun 4 | . . . 2 . . . . . . . . . . . . . . . . . 2 . . . . . . . . . . . . . Energy Cannon 10 | . 1 . . . . . . . . . . . . . . . . . . . 1 . . . . . . . . . 2 . 1 5 Ballistic Gun 14 | 2 . . 5 . 3 . . . . . . . . . . . . . . . . . . . . . . . . . . . . 4 Ballistic Cannon 5 | . . . . . . . . . . . . . . . . . . . . . . . . . . . . . . . . . . 5 Launcher 18 | . . . . . 1 1 . . . 1 1 . 1 . . . . . 1 . 2 1 2 . 1 1 . 2 3 . . . . . Special Weapon . | . . . . . . . . . . . . . . . . . . . . . . . . . . . . . . . . . . . Impact Weapon 8 | . . . . . . 4 . . . . 1 . 1 . . . . 1 . . . . . . 1 . . . . . . . . . Slashing Weapon 7 | . . . . . . . . . . . . . . . . . . . . . . . 1 . . . . . 3 1 2 . . . Piercing Weapon 6 | . . . . . 1 2 . . 1 . . . . . . . 1 . . . . 1 . . . . . . . . . . . . Special Melee Weapon 8 | . . . . . 1 . . . . . . . 1 . . . . . . . . . . . . . . 1 4 1 . . . . Unidentified Prototypes 60 | . . 2 4 . . 2 . . . . 1 1 1 . . . . . . . 7 . 2 . . 4 . 2 7 2 5 3 1 16 Parts Lost 62 | . . . . 3 4 1 . . . 1 1 . 1 . 1 . 4 1 . . . . 6 1 . . . 2 . 2 2 . . 32 Power 10 | . . . . 1 2 . . . . . . . . . 1 . 1 . . . . . 2 . . . . . . . . . . 3 Propulsion 13 | . . . . 1 . . . . . 1 . . . . . . 1 1 . . . . 1 1 . . . 1 . . . . . 6 Utility 25 | . . . . 1 . 1 . . . . 1 . 1 . . . 1 . . . . . 3 . . . . 1 . . 1 . . 15 Weapon 14 | . . . . . 2 . . . . . . . . . . . 1 . . . . . . . . . . . . 2 1 . . 8 Highest Loss Streak 10 | . . . . 3 2 1 . . . 1 1 . 1 . 1 . 3 1 . . . . 3 1 . . . 2 . 1 1 . . 10 To Critical Strikes . | . . . . . . . . . . . . . . . . . . . . . . . . . . . . . . . . . . . Average Slot Usage (%) 94 | . 99 99 98 99 97 92 92 92 92 91 92 95 94 100 98 100 88 86 98 100 99 100 93 94 94 92 91 93 93 93 87 84 84 76 Engine 5 | . 14 14 11 10 3 5 7 7 7 5 . . . . . . . . . . . . . . . . . . . . . . . . Core 2 | . . . . . 4 1 . . . 2 5 6 6 6 5 6 4 7 11 11 11 11 4 5 5 5 4 2 . . . 1 . . Treads 13 | . 27 28 32 32 33 . . . . . . . . . . . . . . . . . . . . . . . . . . . . 6 Flight 16 | . . . . . . 30 30 30 30 30 33 33 32 33 32 33 33 31 35 35 35 35 31 31 31 31 31 27 27 26 25 26 24 9 Device 4 | . . . 6 . 1 7 7 7 7 7 5 6 5 5 5 5 2 4 6 5 5 4 3 5 5 7 8 9 8 8 8 4 8 10 Storage 8 | . 14 14 11 11 9 7 7 7 7 7 6 6 6 6 6 6 6 5 5 5 5 5 5 5 5 5 5 4 4 4 7 4 4 5 Processor 8 | . . . 3 11 11 9 15 15 15 10 7 13 13 13 13 13 13 16 11 11 11 11 10 10 10 10 10 9 9 8 11 13 12 14 Hackware 9 | . . . . . 5 20 15 15 15 19 24 20 17 13 13 13 13 11 11 11 11 11 15 21 21 21 21 19 19 21 20 17 19 8 Protection 7 | . 13 13 11 11 8 . . . . . . . 2 6 6 6 9 . 4 5 4 6 8 5 5 1 1 7 8 7 2 8 8 6 Energy Cannon 1 | . . 14 1 . . . . . . . . . . . . . . . . . . . . . . . . . . . . . . 1 Ballistic Gun 8 | . 27 14 15 22 17 . . . . . . . . . . . . . . . . . . . . . . . . . . . . 2 Impact Weapon 1 | . . . . . . . . . . . 6 6 6 6 6 6 1 5 5 5 5 5 5 5 4 1 . . . . . . . . Naked Turns . | . . . . . . . . . . . . . . . . . . . . . . . . . . . . . . . . . . . Heaviest Build 94 | 14 55 55 61 57 56 18 18 18 19 25 27 23 30 30 30 23 33 29 36 29 29 31 37 22 30 30 30 37 39 38 40 39 45 94 Greatest Support 192 | 40 40 40 60 60 112 20 20 20 20 20 29 31 31 31 34 34 34 38 42 32 39 32 43 33 30 34 34 40 59 40 46 46 40 192 Greatest Overweight (x) 5 | 1 1 1 1 . . . . . . 1 1 . . . . . . . . . . . 5 . . . . 1 . . . . 1 3 Average Overweight (x) . | . . 1 . . . . . . . . . . . . . . . . . . . . . . . . . . . . . . . . Largest Inventory Capacity 20 | 8 20 20 20 20 20 10 10 10 10 10 10 10 10 10 10 10 10 10 10 10 10 10 10 10 10 10 10 10 10 10 10 10 10 10 Average Capacity 13 | 6 12 20 20 20 19 10 10 10 10 10 10 10 10 10 10 10 10 10 10 10 10 10 10 10 10 10 10 10 10 10 10 10 10 7 Most Carried 20 | 3 17 19 20 20 20 10 9 10 10 10 10 10 10 10 10 9 10 10 9 8 10 10 10 10 10 10 10 10 10 10 10 10 9 10 Average Carried 12 | 1 9 16 19 19 19 9 9 9 10 9 8 9 9 10 9 9 9 9 8 8 9 10 8 9 10 9 9 9 9 8 9 10 8 5 Final Capacity 20 | 8 20 20 20 20 10 10 10 10 10 10 10 10 10 10 10 10 10 10 10 10 10 10 10 10 10 10 10 10 10 10 10 10 10 5 Final Carried 20 | 3 16 19 20 20 9 9 9 10 10 10 9 10 10 10 9 9 9 9 8 8 10 10 10 10 10 10 10 10 10 10 10 10 9 5 Class Distribution -------------------- 38% | Mutant 29% | Hacker-Scout 7% | Scavenger-Scout 6% | Wizard-Scout 6% | Hacker-Sprinter 3% | Hacker-Mutant 3% | Scavenger-Mutant Dominant Class ---------------- Mutant | -10/Materials Mutant | -10/Mines Mutant | -9/Materials Mutant | -9/Mines Mutant | -8/Materials Hacker-Sprinter | -7/Factory Scavenger-Scout | -7/Lower Caves Scavenger-Scout | -7/Lower Caves Scavenger-Scout | -7/Zion Hacker-Mutant | -6/Proximity Caves Hacker-Sprinter | -6/Factory Hacker-Scout | -6/Waste Hacker-Scout | -6/Factory Hacker-Scout | -6/Lower Caves Hacker-Scout | -6/Lower Caves Hacker-Scout | -6/Data Miner Hacker-Scout | -5/Proximity Caves Hacker-Scout | -5/Factory Hacker-Scout | -5/Upper Caves Hacker-Scout | -5/Upper Caves Hacker-Scout | -5/Warlord Hacker-Scout | -4/Proximity Caves Hacker-Scout | -4/Factory Hacker-Scout | -4/Upper Caves Hacker-Scout | -4/Upper Caves Hacker-Scout | -4/Zhirov Hacker-Scout | -3/Proximity Caves Hacker-Scout | -3/Research Hacker-Scout | -3/Testing Wizard-Scout | -2/Research Wizard-Scout | -2/Quarantine Wizard-Scout | -2/Section 7 Wizard-Scout | -1/Access Wizard-Scout | -1/Command Resources | -11 -10 -10 -9 -9 -8 -7 -7 -7 -7 -6 -6 -6 -6 -6 -6 -6 -5 -5 -5 -5 -5 -4 -4 -4 -4 -4 -3 -3 -3 -2 -2 -2 -1 -1 ----------- Run | Yrd Mat Min Mat Min Mat Fac Low Low Zio Pro Fac Was Fac Low Low Dat Pro Fac Upp Upp War Pro Fac Upp Upp Zhi Pro Res Tes Res Qua Sec Acc Com Matter Collected 6939 | 238 664 35 603 344 492 250 . . 10 94 191 20 166 92 22 . 105 25 170 . . 114 159 114 20 334 23 105 325 385 14 . 53 1772 Remotely . | . . . . . . . . . . . . . . . . . . . . . . . . . . . . . . . . . . . Salvage Created 7490 | . 861 135 1448 427 868 265 . 48 . 24 362 . 268 . 8 . . 25 46 . . 14 169 44 27 346 . 18 663 53 . . 53 1318 Parts 399 | . 57 9 115 33 53 22 . 7 . 3 13 . 7 . 1 . . . 4 . . 1 6 2 . 1 . 1 39 4 . . 2 19 Haulers Intercepted 11 | . 1 . 5 . . 1 . . . . 2 . 1 . . . . . . . . . 1 . . . . . . . . . . . Recyclers Shooed 5 | . 2 . 2 1 . . . . . . . . . . . . . . . . . . . . . . . . . . . . . . Parts Field Recycled . | . . . . . . . . . . . . . . . . . . . . . . . . . . . . . . . . . . . Retrieved Matter . | . . . . . . . . . . . . . . . . . . . . . . . . . . . . . . . . . . . Parts Self-Destructed 27 | . . . . . . . . 4 . 11 . . . . 5 . . . 4 . . 1 . 1 . 1 . . . . . . . . Prevented 3 | . . . . . . . . . . . . . . . . . . . . . . 3 . . . . . . . . . . . . Kills | -11 -10 -10 -9 -9 -8 -7 -7 -7 -7 -6 -6 -6 -6 -6 -6 -6 -5 -5 -5 -5 -5 -4 -4 -4 -4 -4 -3 -3 -3 -2 -2 -2 -1 -1 ------- Run | Yrd Mat Min Mat Min Mat Fac Low Low Zio Pro Fac Was Fac Low Low Dat Pro Fac Upp Upp War Pro Fac Upp Upp Zhi Pro Res Tes Res Qua Sec Acc Com Combat Hostiles Destroyed 137 | . 18 3 37 22 19 2 . . . 2 5 . 5 . 1 . . . 3 . . 1 3 1 2 . . . 4 1 . . . 8 Melee 7 | . . . . . . 2 . . . 1 1 . . . . . . . . . . . 2 1 . . . . . . . . . . Guns 97 | . 17 1 37 22 17 . . . . . . . . . . . . . . . . . . . . . . . . . . . . 3 Cannons 8 | . 1 2 . . . . . . . . . . . . . . . . . . . . . . . . . . . . . . . 5 AOE 19 | . . . . . 2 . . . . 1 3 . 3 . . . . . 3 . . . . . 2 . . . 4 1 . . . . Classes Destroyed 21 | . 6 2 1 2 2 1 . 1 . . . . . . 1 . . . . . . 1 1 . . . . 1 1 . . . . 1 Worker 1 | . . . . . . . . . . . . . . . . . . . . . . . . . . . . 1 . . . . . . Builder 5 | . . 1 1 1 1 . . . . . 1 . . . . . . . . . . . . . . . . . . . . . . . Tunneler 1 | . . 1 . . . . . . . . . . . . . . . . . . . . . . . . . . . . . . . . Hauler 11 | . 1 . 5 . . 1 . . . . 2 . 1 . . . . . . . . . 1 . . . . . . . . . . . Recycler 4 | . 2 . . . 1 . . . . . . . . . . . . . . . . . . . . . . . 1 . . . . . Minesweeper 2 | . . . . . . . . 1 . . . . . . . . . . . . . . . 1 . . . . . . . . . . Operator 6 | . 3 . 1 . . . . 1 . . . . 1 . . . . . . . . . . . . . . . . . . . . . Drone 1 | . . . . . . . . . . . . . . . . . . . . . . 1 . . . . . . . . . . . . Watcher 15 | . 3 . 3 . 1 4 . . . . 1 . 1 . . . . 1 . . . . . . . . . . . 1 . . . . Swarmer 49 | . 6 . 11 13 7 . . . . 2 3 . 3 . . . . . 3 . . . . 1 . . . . . . . . . . Cutter 3 | . . . . . . . . . . . . . . . . . . . . . . . 3 . . . . . . . . . . . Grunt 56 | . 12 3 21 4 6 . . . . . 2 . 2 . . . . . . . . . . . 1 . . . 4 . . . . 1 Duelist 1 | . . . . . 1 . . . . . . . . . . . . . . . . . . . . . . . . . . . . . Researcher 5 | . . . . . . . . . . . . . . . . . . . . . . . . . . . . . 5 . . . . . Sentry 11 | . . . 5 . 5 . . . . . . . . . . . . . . . . . . . 1 . . . . . . . . . Demolisher 1 | . . . . 1 . . . . . . . . . . . . . . . . . . . . . . . . . . . . . . Hunter 1 | . . . . . 1 . . . . . . . . . . . . . . . . . . . . . . . . . . . . . Programmer 2 | . . . . . . 2 . . . . . . . . . . . . . . . . . . . . . . . . . . . . Enhanced Q-Series 7 | . . . . . . . . . . . . . . . . . . . . . . . . . . . . . . . . . . 7 Thief 1 | . . . . . . . . . . . . . . . 1 . . . . . . . . . . . . . . . . . . . Assembled 4 | . . . . 4 . . . . . . . . . . . . . . . . . . . . . . . . . . . . . . Commander 1 | . . . . . . . . . . . . . . . . . . . . . . . . . . . . . . 1 . . . . Best Kill Streak 7 | . 7 4 6 4 7 1 . 1 . 2 6 . 3 . 1 . . 1 3 . . 1 3 1 2 . . 1 6 1 . . . 2 Combat Bots Only 7 | . 5 3 5 4 7 1 . . . 2 3 . 3 . 1 . . . 3 . . 1 3 1 2 . . . 4 1 . . . 2 Max Kills in Single Turn 3 | . 1 2 1 1 3 1 . 1 . 1 2 . 2 . 1 . . 1 2 . . 1 1 1 1 . . 1 2 1 . . 1 1 Gunslinging 1 | . . . . . 1 . . . . . . . . . . . . . . . . . . . . . . . . . . . . . Exploded 2 | . . . . . 2 . . . . 1 2 . 1 . . . . . 2 . . . . . 1 . . . 2 1 . . . . Melee 1 | . . . . . . 1 . . . 1 1 . . . . . . . . . . . 1 1 . . . . . . . . . . Uniques/NPCs Destroyed 4 | . . . . . . . . . . . . . . . . . . . . . . . . . . . . . . 2 . . 1 1 Warlord (-2/Research) God Mode (-2/Research) Zhirov (-1/Access) MAIN.C Shell (-1/Command) Combat | -11 -10 -10 -9 -9 -8 -7 -7 -7 -7 -6 -6 -6 -6 -6 -6 -6 -5 -5 -5 -5 -5 -4 -4 -4 -4 -4 -3 -3 -3 -2 -2 -2 -1 -1 -------- Run | Yrd Mat Min Mat Min Mat Fac Low Low Zio Pro Fac Was Fac Low Low Dat Pro Fac Upp Upp War Pro Fac Upp Upp Zhi Pro Res Tes Res Qua Sec Acc Com Hostile Shots Fired 1190 | . 88 9 111 85 138 13 . 6 . 18 4 . 36 . 33 9 38 16 9 . . 6 108 12 9 . 9 37 17 16 65 19 2 277 Missed 438 | . 32 3 30 18 28 5 . 3 . 9 2 . 19 . 14 4 20 8 4 . . 5 60 8 7 . 5 19 4 9 37 13 2 70 Damage Taken 16645 | . 574 157 909 898 1432 81 . 32 . 182 63 33 210 . 290 235 373 165 76 . . . 1024 78 42 . 93 322 185 539 651 115 . 7886 Core 2681 | . 100 112 87 60 54 31 . . . 20 36 . 32 . 106 47 20 19 14 . . . 258 . 26 . 34 28 33 160 74 . . 1330 Absorbed by Shields 995 | . . . . . 28 . . . . . . . . . . . . . . . . . . . . . . 37 . . . . . 930 Reduced by Siege Mode 27 | . . . . . . . . . . . . . . . . . . . . . . . . . . . . . . . . . . 27 Redirected to Core 5 | . . . . . . . . . . . . . . . . . . . . . . . . . . . . . . . 5 . . . Redirected to Shielding 1543 | . . . . . . . . . . . . . . . 62 83 124 21 38 . . . 286 . 14 . . 200 67 140 18 . . 490 Regen/Repaired (Parts) 1625 | . 108 . 11 . . . . . 12 . . . 72 . . . . . . . 28 . 451 . . . . . 233 . 548 88 74 . Core Remaining (%) 77 | 100 . 15 . 63 90 . . . . 92 . . . . . . 71 . . . . 96 . . . . 72 . 88 . . 83 . . Volleys Fired 381 | . 68 6 90 45 57 . . . . 3 2 . 3 . . . . . 3 . . . 2 . 7 . . . 3 5 . . 1 86 Largest 4 | . 2 2 2 2 2 . . . . 1 1 . 1 . . . . . 1 . . . 1 . 1 . . . 1 1 . . 1 4 Hottest 310 | . 80 80 88 46 48 . . . . 36 36 . 36 . . . . . 36 . . . 36 . 49 . . . 80 80 . . 300 310 Shots Fired 758 | . 136 12 175 90 107 . . . . 3 2 . 3 . . . . . 3 . . . 2 . 7 . . . 3 5 . . 1 209 Gun 598 | . 134 6 174 90 106 . . . . . . . . . . . . . . . . . . . . . . . . . . . . 88 Cannon 131 | . 2 6 1 . . . . . . . . . . . . . . . . . . . . . . . . . . . . . 1 121 Launcher 29 | . . . . . 1 . . . . 3 2 . 3 . . . . . 3 . . . 2 . 7 . . . 3 5 . . . . Special . | . . . . . . . . . . . . . . . . . . . . . . . . . . . . . . . . . . . Kinetic 635 | . 134 6 115 90 106 . . . . . . . . . . . . . . . . . . . . . . . . . . . . 184 Thermal 93 | . 2 6 60 . . . . . . . . . . . . . . . . . . . . . . . . . . . . . 1 24 Explosive 29 | . . . . . 1 . . . . 3 2 . 3 . . . . . 3 . . . 2 . 7 . . . 3 5 . . . . Electromagnetic 1 | . . . . . . . . . . . . . . . . . . . . . . . . . . . . . . . . . . 1 Robot Hit Streak 22 | . 22 9 18 16 13 . . . . . 7 . 8 . . . . . . . . . . . . . . . . . . . 9 19 Robot Miss Streak 6 | . 3 2 6 1 3 . . . . . . . . . . . . . . . . . . . . . . . . . . . . 3 Penetration Max 1 | . . . . . . . . . . . . . . . . . . . . . . . . . . . . . . . . . . 1 Secondary Targets 18 | . 6 . 6 3 3 . . . . . . . . . . . . . . . . . . . . . . . . . . . . . Max Gunslinging Chain 1 | . 1 . 1 1 1 . . . . . . . . . . . . . . . . . . . . . . . . . . . . . Shots Hit Robots 639 | . 96 7 133 70 82 13 . 3 . 2 9 . 10 . 3 1 . 1 . . . . 7 5 . 11 . 10 11 3 . . 1 161 Core Hits 369 | . 39 5 120 32 40 5 . 2 . 2 5 . 8 . . . . . 3 . . . 1 2 7 2 . 2 11 16 . . 1 66 Critical Kills 4 | . . . 2 . 1 . . . . . . . 1 . . . . . . . . . . . . . . . . . . . . . Critical Parts Destroyed 26 | . 1 . 2 . 2 1 . . . . 1 . 2 . . . . . . . . . 3 . . . . . . . . . . 14 Critical Strikes 42 | . 1 . 4 . 3 2 . 1 . 1 1 . 3 . . . . . . . . . 3 . . . . 1 . . . . . 22 Destroy 27 | . 1 . 4 . 3 . . . . . . . . . . . . . . . . . . . . . . . . . . . . 19 Blast 3 | . . . . . . . . . . . . . . . . . . . . . . . . . . . . . . . . . . 3 Smash 8 | . . . . . . 1 . . . . 1 . 3 . . . . . . . . . 3 . . . . . . . . . . . Sever 1 | . . . . . . . . . . . . . . . . . . . . . . . . . . . . 1 . . . . . . Impale 3 | . . . . . . 1 . 1 . 1 . . . . . . . . . . . . . . . . . . . . . . . . Melee Attacks 287 | . . . . . . 22 . 7 . 3 17 . 29 2 8 28 . 15 . . 11 7 36 6 3 11 . 27 27 3 13 1 2 9 Impact 143 | . . . . . . 3 . . . . 17 . 29 2 8 28 . 15 . . 11 7 22 1 . . . . . . . . . . Slashing 111 | . . . . . . . . . . . . . . . . . . . . . . . 14 5 3 11 . 26 26 1 13 1 2 9 Piercing 29 | . . . . . . 19 . 7 . 3 . . . . . . . . . . . . . . . . . . . . . . . . Sneak Attacks 26 | . . . . . . 3 . 2 . . 4 . 1 . . 1 . . . . . . 1 2 . . . 3 6 3 . . . . Combat Hostiles 2 | . . . . . . . . . . . . . . . . . . . . . . . . 1 . . . . 1 . . . . . Follow-up Attacks . | . . . . . . . . . . . . . . . . . . . . . . . . . . . . . . . . . . . Damage Inflicted 23259 | . 1276 152 1949 1126 1439 663 . 145 . 375 873 . 833 . 165 122 . 61 251 . . . 472 293 529 731 . 490 1414 780 . . 200 8920 Guns 8172 | . 1228 55 1905 1111 1245 . . . . . . . . . . . . . . . . . . . . . . . . . . . . 2628 Cannons 6360 | . 37 92 17 . . . . . . . . . . . . . . . . . . . . . . . . . . . . . 200 6014 Explosions 3162 | . . . . . 173 . . . . 290 212 . 292 . . . . . 251 . . . 31 . 529 . . . 513 680 . . . 191 Melee 5481 | . . . . . . 663 . 145 . 85 661 . 541 . 165 122 . 61 . . . . 441 293 . 731 . 490 901 100 . . . 82 Ramming 84 | . 11 5 27 15 21 . . . . . . . . . . . . . . . . . . . . . . . . . . . . 5 Kinetic 10826 | . 1228 55 1165 1111 1245 . . . . . . . . . . . . . . . . . . . . . . . . . . . . 6022 Thermal 3856 | . 37 92 757 . . . . . . . . . . . . . . . . . . . . . . . . . . . . . 200 2770 Explosive 2971 | . . . . . 173 . . . . 290 212 . 292 . . . . . 251 . . . 31 . 529 . . . 513 680 . . . . Electromagnetic 41 | . . . . . . . . . . . . . . . . . . . . . . . . . . . . . . . . . . 41 Impact 2175 | . . . . . . 110 . . . . 661 . 541 . 165 122 . 61 . . . . 400 115 . . . . . . . . . . Slashing 2523 | . . . . . . . . . . . . . . . . . . . . . . . 41 178 . 731 . 490 901 100 . . . 82 Piercing 783 | . . . . . . 553 . 145 . 85 . . . . . . . . . . . . . . . . . . . . . . . . Highest Corruption 5 | . . . . . . 1 . . . . 1 1 1 . . . 5 1 1 . . . 1 . . . . 4 4 1 1 . . . Average Corruption 2 | . . . . . . 1 . . . . 1 1 1 . . . 3 1 1 . . . 1 . . . . 4 3 1 1 . . . Corruption Purged 11 | . . . . . . 1 . . . . . . 2 . . . . . 1 . . . 1 . . . . . 4 . 2 . . . Corruption Blocked 19 | . . . . . . . . . . . . . . . . . . . . . . . . . . . . . . 19 . . . . Effects 24 | . . . . . . . . . . . 1 1 2 . . . 2 1 3 . . . . . . . . 3 11 . . . . . Message Errors 5 | . . . . . . . . . . . . . . . . . . . 1 . . . . . . . . 1 3 . . . . . Matter Fused 6 | . . . . . . . . . . . . 1 2 . . . . . . . . . . . . . . . 3 . . . . . Heat Flow Errors 1 | . . . . . . . . . . . . . . . . . . . . . . . . . . . . . 1 . . . . . Energy Discharges 7 | . . . . . . . . . . . 1 . . . . . . . 1 . . . . . . . . 2 3 . . . . . Parts Fused 1 | . . . . . . . . . . . . . . . . . 1 . . . . . . . . . . . . . . . . . Data Loss (minor) 3 | . . . . . . . . . . . . . . . . . 1 1 . . . . . . . . . . 1 . . . . . Data Loss (major) 1 | . . . . . . . . . . . . . . . . . . . 1 . . . . . . . . . . . . . . . Overload Shots . | . . . . . . . . . . . . . . . . . . . . . . . . . . . . . . . . . . . Overflow Damage 1687 | . . . . . . 175 . 27 . 7 275 . 219 . 32 . . 26 2 . . . 285 64 18 140 . 17 171 76 . . . 153 Projectiles 141 | . . . . . . . . . . . 15 . . . . . . . . . . . . . . . . . . . . . . 126 Explosions 38 | . . . . . . . . . . 7 6 . 5 . . . . . 2 . . . . . 18 . . . . . . . . . Melee 1508 | . . . . . . 175 . 27 . . 254 . 214 . 32 . . 26 . . . . 285 64 . 140 . 17 171 76 . . . 27 Knockbacks 27 | . . . . . . . . . . . 3 . 1 . 1 1 . . . . . . 2 . . . . . . . . . . 19 Impact 7 | . . . . . . . . . . . 2 . 1 . 1 1 . . . . . . 2 . . . . . . . . . . . Kinetic 18 | . . . . . . . . . . . . . . . . . . . . . . . . . . . . . . . . . . 18 Secondary 2 | . . . . . . . . . . . 1 . . . . . . . . . . . . . . . . . . . . . . 1 Self-Inflicted Damage 121 | . . . . . 36 . . . . 44 . . . . . . . . . . . . 41 . . . . . . . . . . . Shots 3 | . . . . . 1 . . . . 1 . . . . . . . . . . . . 1 . . . . . . . . . . . Rammed 9 | . 4 . 2 1 1 . . . . . . . . . . . . . . . . . . . . . . . . . . . . 1 Targets Rammed 10 | . 4 1 2 1 1 . . . . . . . . . . . . . . . . . . . . . . . . . . . . 1 Kicked . | . . . . . . . . . . . . . . . . . . . . . . . . . . . . . . . . . . . Crushed 1 | . . 1 . . . . . . . . . . . . . . . . . . . . . . . . . . . . . . . . Highest Temperature 710 | . 36 126 21 12 37 1 . . . 2 27 17 47 209 99 29 312 13 264 5 146 35 154 14 10 . 32 2 200 224 12 109 254 710 Average Temperature 67 | . 10 57 8 5 14 1 . . . 2 7 7 8 53 46 8 83 3 102 5 43 6 37 14 7 . 18 2 32 81 12 42 100 203 Received Heat Transfer 2255 | . 219 60 315 88 546 12 . . . 9 36 . 33 . 69 . 39 45 . . . . 173 27 . . 64 65 18 9 27 27 . 374 Effects 25 | . . . . . . . . . . . . . . . . . . . 5 . . . . . . . . . . . . . . 20 Shutdowns 3 | . . . . . . . . . . . . . . . . . . . . . . . . . . . . . . . . . . 3 Energy Bleed 3 | . . . . . . . . . . . . . . . . . . . 2 . . . . . . . . . . . . . . 1 Interference 6 | . . . . . . . . . . . . . . . . . . . 3 . . . . . . . . . . . . . . 3 Matter Decay 4 | . . . . . . . . . . . . . . . . . . . . . . . . . . . . . . . . . . 4 Short Circuit 1 | . . . . . . . . . . . . . . . . . . . . . . . . . . . . . . . . . . 1 Damage (minor) 2 | . . . . . . . . . . . . . . . . . . . . . . . . . . . . . . . . . . 2 Damage (major) 6 | . . . . . . . . . . . . . . . . . . . . . . . . . . . . . . . . . . 6 Siege Activations 1 | . . . . . . . . . . . . . . . . . . . . . . . . . . . . . . . . . . 1 Total Turns 32 | . . . . . . . . . . . . . . . . . . . . . . . . . . . . . . . . . . 32 Longest Duration 32 | . . . . . . . . . . . . . . . . . . . . . . . . . . . . . . . . . . 32 Robots Corrupted . | . . . . . . . . . . . . . . . . . . . . . . . . . . . . . . . . . . . Combat Hostiles . | . . . . . . . . . . . . . . . . . . . . . . . . . . . . . . . . . . . Parts Fried 13 | . . . . . . . . . . . 5 . 2 . 1 . . 2 . . . . 3 . . . . . . . . . . . Impact Corruptions 27 | . . . . . . 2 . . . . 9 . 5 . 2 . . 2 . . . . 7 . . . . . . . . . . . Robots Melted . | . . . . . . . . . . . . . . . . . . . . . . . . . . . . . . . . . . . Combat Hostiles . | . . . . . . . . . . . . . . . . . . . . . . . . . . . . . . . . . . . Parts Melted 1 | . . . . . . . . . . . . . . . . . . . . . . . . . . . . . . . . . . 1 Heat Transferred 1669 | . 74 185 977 . . . . . . . . . . . . . . . . . . . . . . . . . . . . . . 433 Parts Sabotaged . | . . . . . . . . . . . . . . . . . . . . . . . . . . . . . . . . . . . Parts Stolen 1 | . . . . . . . . . . . . . . . 1 . . . . . . . . . . . . . . . . . . . Parts Stripped . | . . . . . . . . . . . . . . . . . . . . . . . . . . . . . . . . . . . Power Chain Reactions 1 | . . . . . . . . . . . . . . . . . . . . . . . . . . . . . . . . . . 1 Alert | -11 -10 -10 -9 -9 -8 -7 -7 -7 -7 -6 -6 -6 -6 -6 -6 -6 -5 -5 -5 -5 -5 -4 -4 -4 -4 -4 -3 -3 -3 -2 -2 -2 -1 -1 ------- Run | Yrd Mat Min Mat Min Mat Fac Low Low Zio Pro Fac Was Fac Low Low Dat Pro Fac Upp Upp War Pro Fac Upp Upp Zhi Pro Res Tes Res Qua Sec Acc Com Peak Influence 1158 | . 227 203 967 653 458 368 . . . . 357 109 534 . . . . 359 . . . . 846 . . . . 417 651 466 1158 587 474 448 Initial 600 | . . . 78 303 152 180 . . . . 127 58 76 . . . . 40 . . . . 600 . . . . 50 231 232 246 587 297 303 Average 297 | . 55 20 595 468 295 258 . . . . 184 79 334 . . . . 161 . . . . 507 . . . . 241 401 363 733 522 386 244 Maximum Alert Level 4 | . 1 1 3 2 2 1 . . . . 1 . 2 . . . . 1 . . . . 3 . . . . 2 2 2 4 2 2 2 Low Security (%) 45 | 100 98 96 12 . 28 21 . . . . 79 100 13 . . . . 71 . . . . . . . . . 41 8 . . . . 75 Level 1 27 | . 1 3 8 34 64 78 . . . . 20 . 63 . . . . 28 . . . . 26 . . . . 49 39 60 26 . 69 17 Level 2 20 | . . . 33 65 6 . . . . . . . 23 . . . . . . . . . 64 . . . . 8 52 39 14 100 30 7 Level 3 7 | . . . 44 . . . . . . . . . . . . . . . . . . . 8 . . . . . . . 56 . . . Level 4 . | . . . . . . . . . . . . . . . . . . . . . . . . . . . . . . . 3 . . . Level 5 . | . . . . . . . . . . . . . . . . . . . . . . . . . . . . . . . . . . . High Security . | . . . . . . . . . . . . . . . . . . . . . . . . . . . . . . . . . . . Max Security . | . . . . . . . . . . . . . . . . . . . . . . . . . . . . . . . . . . . Squads Dispatched 65 | . 4 . 10 . 1 5 . . . . 4 . 13 . . . . 5 . . . . 8 . . . . 3 8 1 3 . . . Investigation 43 | . 3 . 7 . . 3 . . . . 2 . 12 . . . . 4 . . . . 4 . . . . 3 3 1 1 . . . Extermination 4 | . . . . . . 2 . . . . . . . . . . . . . . . . 1 . . . . . . . 1 . . . Reinforcement 17 | . 1 . 3 . 1 . . . . . 2 . 1 . . . . 1 . . . . 3 . . . . . 4 . 1 . . . Assault 1 | . . . . . . . . . . . . . . . . . . . . . . . . . . . . . 1 . . . . . Garrison . | . . . . . . . . . . . . . . . . . . . . . . . . . . . . . . . . . . . Intercept . | . . . . . . . . . . . . . . . . . . . . . . . . . . . . . . . . . . . Searches Triggered 4 | . . . . . . . . . . . . . 1 . . . . . . . . . 2 . . . . . . . 1 . . . Construction Impeded 3 | . . . 1 . 1 . . . . . 1 . . . . . . . . . . . . . . . . . . . . . . . Haulers Reinforced 3 | . . . . . . . . . . . 1 . 1 . . . . . . . . . . . . . . . 1 . . . . . Active Scanning Responses . | . . . . . . . . . . . . . . . . . . . . . . . . . . . . . . . . . . . Cargo Convoy Interrupts . | . . . . . . . . . . . . . . . . . . . . . . . . . . . . . . . . . . . Stealth | -11 -10 -10 -9 -9 -8 -7 -7 -7 -7 -6 -6 -6 -6 -6 -6 -6 -5 -5 -5 -5 -5 -4 -4 -4 -4 -4 -3 -3 -3 -2 -2 -2 -1 -1 --------- Run | Yrd Mat Min Mat Min Mat Fac Low Low Zio Pro Fac Was Fac Low Low Dat Pro Fac Upp Upp War Pro Fac Upp Upp Zhi Pro Res Tes Res Qua Sec Acc Com Distress Signals 29 | . 2 . 3 . 1 . . . . . 1 . 5 . . . . . . . . . 1 . . . . . 1 4 . . . 11 Communications Jammed . | . . . . . . . . . . . . . . . . . . . . . . . . . . . . . . . . . . . Distress Signals . | . . . . . . . . . . . . . . . . . . . . . . . . . . . . . . . . . . . Times Spotted 533 | . 28 6 54 25 22 10 . 2 . 10 10 2 34 . 12 4 7 13 5 . . 5 61 5 16 . 6 24 22 33 65 9 4 39 Peak Tracking Total 16 | . 3 3 8 4 5 3 . 1 . 4 4 1 13 . 10 4 7 9 4 . . 3 16 4 6 . 5 9 6 13 16 9 9 7 Tactical Retreats 71 | . 1 . 7 2 . 2 . . . 1 2 . 7 . 4 . 2 2 2 . . . 14 1 4 . 2 3 1 2 10 . 1 1 Traps | -11 -10 -10 -9 -9 -8 -7 -7 -7 -7 -6 -6 -6 -6 -6 -6 -6 -5 -5 -5 -5 -5 -4 -4 -4 -4 -4 -3 -3 -3 -2 -2 -2 -1 -1 ------- Run | Yrd Mat Min Mat Min Mat Fac Low Low Zio Pro Fac Was Fac Low Low Dat Pro Fac Upp Upp War Pro Fac Upp Upp Zhi Pro Res Tes Res Qua Sec Acc Com Traps Triggered 9 | . 2 . 2 . . . . . . . 1 . . . . . . 1 . . . . . . . . . 1 . . 2 . . . Indirectly . | . . . . . . . . . . . . . . . . . . . . . . . . . . . . . . . . . . . Trap Hack Attempts 27 | . . . . . . . . . . . . . 20 . . . . . . . . . . . . . . 7 . . . . . . Triggered . | . . . . . . . . . . . . . . . . . . . . . . . . . . . . . . . . . . . Disarmed 1 | . . . . . . . . . . . . . . . . . . . . . . . . . . . . 1 . . . . . . Reprogrammed 5 | . . . . . . . . . . . . . 4 . . . . . . . . . . . . . . 1 . . . . . . Reused 1 | . . . . . . . . . . . . . . . . . . . . . . . . . . . . 1 . . . . . . Traps Extracted 4 | . . . . . . . . . . . . . 4 . . . . . . . . . . . . . . . . . . . . . Installed . | . . . . . . . . . . . . . . . . . . . . . . . . . . . . . . . . . . . Triggered 9 | . . . . . . . . . . 1 . . . . . . . . . . 4 2 . . . . . 1 . . . . . 1 Most Traps Carried 4 | . . . . . . . . . . . . . 4 4 4 4 4 4 4 4 4 4 4 4 4 4 4 4 4 . . . . . Machines | -11 -10 -10 -9 -9 -8 -7 -7 -7 -7 -6 -6 -6 -6 -6 -6 -6 -5 -5 -5 -5 -5 -4 -4 -4 -4 -4 -3 -3 -3 -2 -2 -2 -1 -1 ---------- Run | Yrd Mat Min Mat Min Mat Fac Low Low Zio Pro Fac Was Fac Low Low Dat Pro Fac Upp Upp War Pro Fac Upp Upp Zhi Pro Res Tes Res Qua Sec Acc Com Machines Disabled 24 | . . 5 . . . . . . . . . . 4 . . 1 . . . . . . 2 . . . . . 6 1 3 1 . 1 Max in Single Turn 1 | . . . . . . . . . . . . . 1 . . 1 . . . . . . 1 . . . . . 1 . 1 1 . 1 Garrison Access 8 | . . . . . . 1 . . . . . . 1 . . . . 1 . . . . 1 . . . . 2 1 . 1 . . . Machines Repaired . | . . . . . . . . . . . . . . . . . . . . . . . . . . . . . . . . . . . Machines Dismantled . | . . . . . . . . . . . . . . . . . . . . . . . . . . . . . . . . . . . Machines Sabotaged . | . . . . . . . . . . . . . . . . . . . . . . . . . . . . . . . . . . . Overloaded Fab Kills . | . . . . . . . . . . . . . . . . . . . . . . . . . . . . . . . . . . . Hacking | -11 -10 -10 -9 -9 -8 -7 -7 -7 -7 -6 -6 -6 -6 -6 -6 -6 -5 -5 -5 -5 -5 -4 -4 -4 -4 -4 -3 -3 -3 -2 -2 -2 -1 -1 --------- Run | Yrd Mat Min Mat Min Mat Fac Low Low Zio Pro Fac Was Fac Low Low Dat Pro Fac Upp Upp War Pro Fac Upp Upp Zhi Pro Res Tes Res Qua Sec Acc Com Machines Accessed 132 | . 10 1 9 . 4 10 1 . . . 4 . 20 1 . 3 . 9 1 . 2 . 13 2 . 4 . 10 11 3 9 2 3 . Terminals 67 | . 7 . 6 . 1 6 . . . . 2 . 12 . . . . 3 1 . . . 5 . . . . 6 5 2 6 2 3 . Fabricators 17 | . . . . . . 1 . . . . . . 5 . . . . 3 . . . . 3 . . . . 2 2 1 . . . . Repair Stations 12 | . 1 . 1 . 1 . . . . . . . 1 . . . . 1 . . . . 3 . . . . . 2 . 2 . . . Recycling Units 8 | . 2 . . . 1 2 . . . . 1 . 1 . . . . . . . . . 1 . . . . . . . . . . . Scanalyzers 5 | . . . 2 . 1 . . . . . . . . . . . . 1 . . . . . . . . . . 1 . . . . . Garrison Access 9 | . . . . . . 1 . . . . 1 . 1 . . . . 1 . . . . 1 . . . . 2 1 . 1 . . . Total Hacks 411 | . 30 1 34 . 16 32 1 . . . 9 . 58 1 . 14 . 27 1 . 2 . 46 4 . 16 . 39 37 10 22 8 3 . Successful 274 | . 13 1 15 . 12 13 1 . . . 6 . 32 1 . 14 . 16 1 . 2 . 32 4 . 16 . 26 32 8 19 7 3 . Failed 134 | . 16 . 19 . 4 19 . . . . 3 . 25 . . . . 11 . . . . 13 . . . . 13 5 2 3 1 . . Catastrophic 6 | . 2 . 1 . . . . . . . 1 . . . . . . 1 . . . . . . . . . . 1 . . . . . Database Lockouts 3 | . 1 . . . . . . . . . . . 1 . . . . . . . . . 1 . . . . . . . . . . . Manual 177 | . 16 . 10 . 5 20 . . . . 6 . 34 . . . . 11 . . 1 . 17 . . . . 24 11 7 10 5 . . Terminals 228 | . 23 . 16 . 5 24 . . . . 6 . 40 . . . . 11 1 . . . 25 . . . . 27 19 7 13 8 3 . Fabricators 53 | . . . . . . 3 . . . . . . 13 . . . . 9 . . . . 10 . . . . 8 7 3 . . . . Repair Stations 37 | . 4 . 3 . 2 . . . . . . . 2 . . . . 2 . . . . 9 . . . . . 7 . 8 . . . Recycling Units 11 | . 3 . . . 1 3 . . . . 1 . 2 . . . . . . . . . 1 . . . . . . . . . . . Scanalyzers 28 | . . . 15 . 8 . . . . . . . . . . . . 2 . . . . . . . . . . 3 . . . . . Garrison Access 15 | . . . . . . 2 . . . . 2 . 1 . . . . 3 . . . . 1 . . . . 4 1 . 1 . . . Terminal Hacks 129 | . 6 1 3 . . 5 1 . . . 3 . 15 1 . 14 . 5 1 . 2 . 13 4 . 16 . 12 11 3 5 5 3 . Record 15 | . . . . . . . . . . . . . . . . 6 . . 1 . . . . 3 . 5 . . . . . . . . Part Schematic 20 | . . . . . . 2 . . . . 1 . 4 . . 4 . 1 . . . . 1 . . 3 . 3 . 1 . . . . Robot Schematic 1 | . . . . . . . . . . . . . . . . 1 . . . . . . . . . . . . . . . . . . Robot Analysis 8 | . 3 . . . . . . . . . . . . . . . . . . . . . . . . 4 . . 1 . . . . . Prototype ID Bank 13 | . . . 1 . . 1 . . . . . . 1 . . 3 . . . . . . . . . 4 . . 1 . 1 1 . . Open Door 9 | . . 1 . . . . 1 . . . . . . 1 . . . . . . 2 . . 1 . . . . . . . . 3 . Level Access Points 1 | . . . . . . . . . . . . . . . . . . . . . . . . . . . . . . . . 1 . . Branch Access Points 5 | . 1 . . . . 1 . . . . . . . . . . . 1 . . . . 1 . . . . . . 1 . . . . Machine Index 4 | . . . . . . . . . . . . . . . . . . . . . . . . . . . . . 1 1 1 1 . . Terminal Index 6 | . . . . . . . . . . . 1 . 1 . . . . 2 . . . . 1 . . . . 1 . . . . . . Fabricator Index 4 | . . . . . . . . . . . 1 . 1 . . . . . . . . . 1 . . . . 1 . . . . . . Repair Station Index 1 | . . . . . . . . . . . . . . . . . . . . . . . . . . . . 1 . . . . . . Alert Level 4 | . . . . . . . . . . . . . . . . . . . . . . . 1 . . . . 1 1 . . 1 . . Unreport Threat 10 | . 2 . 1 . . . . . . . . . . . . . . . . . . . 4 . . . . . 2 . . 1 . . Locate Traps 5 | . . . . . . . . . . . . . 1 . . . . . . . . . . . . . . 1 2 . 1 . . . Transport Status 1 | . . . . . . . . . . . . . 1 . . . . . . . . . . . . . . . . . . . . . Recall Investigation 6 | . . . . . . . . . . . . . 3 . . . . . . . . . . . . . . 1 2 . . . . . Recall Extermination 1 | . . . . . . . . . . . . . . . . . . . . . . . 1 . . . . . . . . . . . Recall Reinforcements 1 | . . . . . . . . . . . . . . . . . . . . . . . . . . . . . . . 1 . . . Recall Assault 1 | . . . . . . . . . . . . . . . . . . . . . . . . . . . . . 1 . . . . . Hauler Manifests 10 | . . . 1 . . 1 . . . . . . 3 . . . . 1 . . . . 1 . . . . 2 . . 1 . . . Registered Components 1 | . . . . . . . . . . . . . . . . . . . . . . . 1 . . . . . . . . . . . Registered Prototypes 1 | . . . . . . . . . . . . . . . . . . . . . . . 1 . . . . . . . . . . . Zone Layout 1 | . . . . . . . . . . . . . . . . . . . . . . . . . . . . 1 . . . . . . Fabricator Hacks 31 | . . . . . . 1 . . . . . . 10 . . . . 5 . . . . 5 . . . . 4 4 2 . . . . Load Schematic 17 | . . . . . . 1 . . . . . . 5 . . . . 3 . . . . 3 . . . . 2 2 1 . . . . Build 14 | . . . . . . . . . . . . . 5 . . . . 2 . . . . 2 . . . . 2 2 1 . . . . Repair Station Hacks 29 | . 2 . 2 . 1 . . . . . . . 2 . . . . 1 . . . . 8 . . . . . 6 . 7 . . . Scan Component 14 | . 1 . 1 . 1 . . . . . . . 1 . . . . . . . . . 4 . . . . . 3 . 3 . . . Repair 13 | . 1 . 1 . . . . . . . . . 1 . . . . . . . . . 4 . . . . . 3 . 3 . . . Refit 2 | . . . . . . . . . . . . . . . . . . 1 . . . . . . . . . . . . 1 . . . Recycling Unit Hacks 6 | . 1 . . . 1 1 . . . . 1 . 1 . . . . . . . . . 1 . . . . . . . . . . . Retrieve Components 6 | . 1 . . . 1 1 . . . . 1 . 1 . . . . . . . . . 1 . . . . . . . . . . . Scanalyzer 22 | . . . 9 . 8 . . . . . . . . . . . . 2 . . . . . . . . . . 3 . . . . . Insert Component 11 | . . . 5 . 3 . . . . . . . . . . . . 1 . . . . . . . . . . 2 . . . . . Analyze 11 | . . . 4 . 5 . . . . . . . . . . . . 1 . . . . . . . . . . 1 . . . . . Garrison Access Hacks 8 | . . . . . . 1 . . . . . . 1 . . . . 1 . . . . 1 . . . . 2 1 . 1 . . . Seal Access 8 | . . . . . . 1 . . . . . . 1 . . . . 1 . . . . 1 . . . . 2 1 . 1 . . . Unauthorized Hacks 49 | . 4 . 1 . 2 5 . . . . 2 . 3 . . . . 2 . . . . 4 . . . . 8 7 3 6 2 . . Terminals 42 | . 4 . 1 . 2 5 . . . . 2 . 3 . . . . 1 . . . . 2 . . . . 7 5 2 6 2 . . Assimilate 15 | . 1 . . . . 2 . . . . . . 1 . . . . . . . . . . . . . . 4 2 2 3 . . . Botnet 19 | . 2 . 1 . 1 2 . . . . 1 . 2 . . . . 1 . . . . 2 . . . . 2 2 . 2 1 . . Operators 8 | . 1 . . . 1 1 . . . . 1 . . . . . . . . . . . . . . . . 1 1 . 1 1 . . Fabricators 7 | . . . . . . . . . . . . . . . . . . 1 . . . . 2 . . . . 1 2 1 . . . . Prioritize 7 | . . . . . . . . . . . . . . . . . . 1 . . . . 2 . . . . 1 2 1 . . . . Repair Stations . | . . . . . . . . . . . . . . . . . . . . . . . . . . . . . . . . . . . Recycling Units . | . . . . . . . . . . . . . . . . . . . . . . . . . . . . . . . . . . . Scanalyzers . | . . . . . . . . . . . . . . . . . . . . . . . . . . . . . . . . . . . Garrison Access . | . . . . . . . . . . . . . . . . . . . . . . . . . . . . . . . . . . . Data Cores Recovered 1 | . 1 . . . . . . . . . . . . . . . . . . . . . . . . . . . . . . . . . Used 1 | . 1 . . . . . . . . . . . . . . . . . . . . . . . . . . . . . . . . . Hacking Detections 92 | . 9 . 8 . 3 8 . . . . 4 . 19 . . . . 8 . . . . 9 . . . . 6 7 3 7 1 . . Full Trace Events 41 | . 2 . 6 . . 3 . . . . 2 . 12 . . . . 4 . . . . 4 . . . . 3 3 1 1 . . . Feedback Events 6 | . . . . . . 2 . . . . . . 1 . . . . 1 . . . . 1 . . . . . . . 1 . . . Corruption 4 | . . . . . . 1 . . . . . . 1 . . . . 1 . . . . 1 . . . . . . . . . . . Hackware Fried 2 | . . . . . . 1 . . . . . . . . . . . . . . . . . . . . . . . . 1 . . . Feedback Blocked . | . . . . . . . . . . . . . . . . . . . . . . . . . . . . . . . . . . . Robot Schematics Acquired 4 | . . . . . . . . . . . . . . . . 1 . . . . . . . . . . . . 3 . . . . . Robots Built . | . . . . . . . . . . . . . . . . . . . . . . . . . . . . . . . . . . . Authchips . | . . . . . . . . . . . . . . . . . . . . . . . . . . . . . . . . . . . Time . | . . . . . . . . . . . . . . . . . . . . . . . . . . . . . . . . . . . Total Robot Build Rating . | . . . . . . . . . . . . . . . . . . . . . . . . . . . . . . . . . . . Part Schematics Acquired 39 | . . . 3 . 3 2 . . . . 1 . 4 . . 4 . 2 . . . . 1 . . 3 . 3 12 1 . . . . Parts Built 14 | . . . . . . . . . . . . . 5 . . . . 2 . . . . 2 . . . . 2 2 1 . . . . Authchips . | . . . . . . . . . . . . . . . . . . . . . . . . . . . . . . . . . . . Time 818 | . . . . . . . . . . . . . 364 . . . . 111 . . . . 74 . . . . 78 160 31 . . . . Total Part Build Rating 81 | . . . . . . . . . . . . . 28 . . . . 11 . . . . 13 . . . . 11 11 7 . . . . Parts Repaired 13 | . 1 . 1 . . . . . . . . . 1 . . . . . . . . . 4 . . . . . 3 . 3 . . . Time 547 | . 26 . 108 . . . . . . . . . 54 . . . . . . . . . 186 . . . . . 85 . 88 . . . Parts Recycled . | . . . . . . . . . . . . . . . . . . . . . . . . . . . . . . . . . . . Recycled Matter . | . . . . . . . . . . . . . . . . . . . . . . . . . . . . . . . . . . . Retrieved Matter . | . . . . . . . . . . . . . . . . . . . . . . . . . . . . . . . . . . . Retrieved Components 20 | . 7 . . . 1 4 . . . . 2 . 3 . . . . . . . . . 3 . . . . . . . . . . . Parts Scanalyzed 8 | . . . 4 . 2 . . . . . . . . . . . . 1 . . . . . . . . . . 1 . . . . . Part Schematics Acquired 8 | . . . 3 . 3 . . . . . . . . . . . . 1 . . . . . . . . . . 1 . . . . . Parts Damaged . | . . . . . . . . . . . . . . . . . . . . . . . . . . . . . . . . . . . Bothacking | -11 -10 -10 -9 -9 -8 -7 -7 -7 -7 -6 -6 -6 -6 -6 -6 -6 -5 -5 -5 -5 -5 -4 -4 -4 -4 -4 -3 -3 -3 -2 -2 -2 -1 -1 ------------ Run | Yrd Mat Min Mat Min Mat Fac Low Low Zio Pro Fac Was Fac Low Low Dat Pro Fac Upp Upp War Pro Fac Upp Upp Zhi Pro Res Tes Res Qua Sec Acc Com Used RIF Installer . | . . . . . . . . . . . . . . . . . . . . . . . . . . . . . . . . . . . Robots Hacked 1 | . . . . . . . . . . . . . . . . . . . . . . . . . . . . . . 1 . . . . Non-combat . | . . . . . . . . . . . . . . . . . . . . . . . . . . . . . . . . . . . Combat 1 | . . . . . . . . . . . . . . . . . . . . . . . . . . . . . . 1 . . . . Robot Hacks Applied 1 | . . . . . . . . . . . . . . . . . . . . . . . . . . . . . . 1 . . . . parse_system 1 | . . . . . . . . . . . . . . . . . . . . . . . . . . . . . . 1 . . . . Manual 1 | . . . . . . . . . . . . . . . . . . . . . . . . . . . . . . 1 . . . . Relay Couplers Released . | . . . . . . . . . . . . . . . . . . . . . . . . . . . . . . . . . . . Fabnet Peak Effective % . | . . . . . . . . . . . . . . . . . . . . . . . . . . . . . . . . . . . Robots Rewired 2 | . . . . . . . . . . . . . . . . . . . . . 1 . . . . . . . 1 . . . . . Allies Hacked . | . . . . . . . . . . . . . . . . . . . . . . . . . . . . . . . . . . . Hacks Repelled . | . . . . . . . . . . . . . . . . . . . . . . . . . . . . . . . . . . . Allies | -11 -10 -10 -9 -9 -8 -7 -7 -7 -7 -6 -6 -6 -6 -6 -6 -6 -5 -5 -5 -5 -5 -4 -4 -4 -4 -4 -3 -3 -3 -2 -2 -2 -1 -1 -------- Run | Yrd Mat Min Mat Min Mat Fac Low Low Zio Pro Fac Was Fac Low Low Dat Pro Fac Upp Upp War Pro Fac Upp Upp Zhi Pro Res Tes Res Qua Sec Acc Com Total Allies 52 | . . 3 . 3 . 2 . . 5 . . 18 1 . . . . . . . 1 . . . . . . 4 3 6 3 . 3 . Largest Group 18 | . . 3 2 3 3 2 2 2 5 5 . 18 1 . . . . . . . 1 1 . . . . . 2 3 5 1 . 3 2 Highest-Rated Group 741 | . . 76 45 40 40 36 36 36 135 135 . 638 26 . . . . . . . 65 65 . . . . . 52 184 741 26 . 379 237 Highest-Rated Ally 357 | . . 31 31 16 16 26 26 26 31 31 . 50 26 . . . . . . . 65 65 . . . . . 26 148 357 26 . 135 124 Total Orders 2 | . . . . . . 2 . . . . . . . . . . . . . . . . . . . . . . . . . . . . STAY 1 | . . . . . . 1 . . . . . . . . . . . . . . . . . . . . . . . . . . . . FOLLOW 1 | . . . . . . 1 . . . . . . . . . . . . . . . . . . . . . . . . . . . . Ally Attacks 251 | . . 5 3 . 11 . . . . 32 . 71 . . . . . . . . . . . . . . . . 23 106 . . . . Total Damage 13211 | . . 519 20 . 77 . . . . 620 . 2733 . . . . . . . . . . . . . . . . 1861 7381 . . . . Kills 50 | . . 5 1 . 1 . . . . 6 . 9 . . . . . . . . . . . . . . . . 10 18 . . . . Allies Corrupted 3 | . . . . . . . . . . . . . . . . . . . . . . . . . . . . . . 3 . . . . Allies Melted 15 | . . . . . . . . . . . . . . . . . . . . . . . . . . . . . . . . . . 15 Intel | -11 -10 -10 -9 -9 -8 -7 -7 -7 -7 -6 -6 -6 -6 -6 -6 -6 -5 -5 -5 -5 -5 -4 -4 -4 -4 -4 -3 -3 -3 -2 -2 -2 -1 -1 ------- Run | Yrd Mat Min Mat Min Mat Fac Low Low Zio Pro Fac Was Fac Low Low Dat Pro Fac Upp Upp War Pro Fac Upp Upp Zhi Pro Res Tes Res Qua Sec Acc Com Robot Analysis Total 8 | . 3 . . . . . . . . . . . . . . . . . . . . . . . . 4 . . 1 . . . . . Derelict Logs Recovered 19 | . . . . 2 . . 2 1 1 1 . . . 2 2 . 2 . 2 1 . 2 . 1 . . . . . . . . . . Drone Launches . | . . . . . . . . . . . . . . . . . . . . . . . . . . . . . . . . . . . Drone Recoveries . | . . . . . . . . . . . . . . . . . . . . . . . . . . . . . . . . . . . Decoded 0b10 Intel 4 | . . . . . . . . . . . . . . . . . . 4 . . . . . . . . . . . . . . . . Traps 3 | . . . . . . . . . . . . . . . . . . 3 . . . . . . . . . . . . . . . . Emergency Access 1 | . . . . . . . . . . . . . . . . . . 1 . . . . . . . . . . . . . . . . Exploration | -11 -10 -10 -9 -9 -8 -7 -7 -7 -7 -6 -6 -6 -6 -6 -6 -6 -5 -5 -5 -5 -5 -4 -4 -4 -4 -4 -3 -3 -3 -2 -2 -2 -1 -1 ------------- Run | Yrd Mat Min Mat Min Mat Fac Low Low Zio Pro Fac Was Fac Low Low Dat Pro Fac Upp Upp War Pro Fac Upp Upp Zhi Pro Res Tes Res Qua Sec Acc Com Turns Passed 15118 | 73 1600 1464 1333 1046 943 468 178 239 446 349 437 95 607 271 149 117 110 269 380 13 372 241 704 180 120 95 110 391 511 251 336 44 136 1040 Spaces Moved 20798 | 46 694 528 515 430 417 1126 488 648 846 597 439 298 1472 750 427 131 331 642 752 36 877 594 1450 575 427 177 433 955 1000 624 1195 187 170 521 Core 41 | 11 . . . . . . . . . . . . . . . . . . . . . . 2 . . . . . . . . . . 28 Treads 2839 | 35 694 528 515 430 416 . . . . . . . . . . . . . . . . . . . . . . . . . . . . 221 Legs . | . . . . . . . . . . . . . . . . . . . . . . . . . . . . . . . . . . . Wheels . | . . . . . . . . . . . . . . . . . . . . . . . . . . . . . . . . . . . Hover . | . . . . . . . . . . . . . . . . . . . . . . . . . . . . . . . . . . . Flight 17918 | . . . . . 1 1126 488 648 846 597 439 298 1472 750 427 131 331 642 752 36 877 594 1448 575 427 177 433 955 1000 624 1195 187 170 272 Fastest Speed 12 | 50 160 240 160 160 29 29 29 29 29 28 23 23 23 23 20 20 20 22 19 25 21 23 14 22 22 18 18 12 12 17 12 12 17 17 Average Speed 45 | 135 186 240 173 160 160 29 29 29 29 42 25 23 23 23 23 23 22 24 23 25 24 23 22 24 22 20 18 18 18 17 16 16 17 93 Slowest Speed 300 | 160 240 240 240 160 162 29 29 29 29 105 102 24 26 23 24 24 24 25 25 25 25 23 300 26 22 22 18 80 19 20 17 17 87 215 Overloaded Moves 198 | . . . . . . . . . . . . . . . 3 19 104 . 7 . . . 23 . . . . 9 11 . 19 3 . . Propulsion Burnouts . | . . . . . . . . . . . . . . . . . . . . . . . . . . . . . . . . . . . Robots Hopped 85 | . . . . . . 13 . . . . 5 . 3 . 2 . 2 1 1 1 3 . 11 . . . . 6 21 2 12 2 . . Cave-ins Triggered 1 | . . . . . . . . . . . 1 . . . . . . . . . . . . . . . . . . . . . . . Teleports 1 | . . . . . . . . . . . . . . . . . . . . . . . . . . . . . 1 . . . . . Exploration Rate (%) 58 | 3 98 97 55 85 42 33 60 82 82 62 12 91 37 91 71 82 67 19 92 12 96 79 31 78 65 63 71 27 97 20 96 20 7 19 Regions Visited 34 Branch Regions 22 Pre-discovered Areas 9 | . . . . . . . . . 1 1 . . . . . 1 . . 2 1 . . . . . 3 . . . . . . . . Known Exits Taken 28 | . 1 . . . 1 1 1 1 1 1 . . 1 1 1 1 1 1 1 1 1 1 1 1 1 1 1 1 1 1 1 1 1 . Unknown Exits Taken 4 | 1 . 1 1 1 . . . . . . . . . . . . . . . . . . . . . . . . . . . . . . Scrap Searched 28 | . . 1 . 2 . . 3 1 3 4 . . . 2 2 . 4 . 1 . . 1 . 2 1 . 1 . . . . . . . Spaces Dug 125 | . . . . . . 1 . 3 . . 8 . 18 2 1 1 . 14 . . 7 . 31 . . . . 7 9 . 10 . 2 11 Terrain Destroyed 372 | . . . . . 13 1 . 3 . 26 37 . 23 2 1 1 . 14 10 . 7 . 38 . 56 . . 7 47 13 10 . 22 41 Melee 107 | . . . . . . 1 . 3 . . 8 . 15 2 1 1 . 14 . . 7 . 20 . . . . 7 9 . 10 . 2 7 Projectile 54 | . . . . . . . . . . . . . . . . . . . . . . . . . . . . . . . . . 20 34 AOE 211 | . . . . . 13 . . . . 26 29 . 8 . . . . . 10 . . . 18 . 56 . . . 38 13 . . . . Terrain Rammed . | . . . . . . . . . . . . . . . . . . . . . . . . . . . . . . . . . . . Walls Destroyed . | . . . . . . . . . . . . . . . . . . . . . . . . . . . . . . . . . . . Machines Disabled . | . . . . . . . . . . . . . . . . . . . . . . . . . . . . . . . . . . . Actions | -11 -10 -10 -9 -9 -8 -7 -7 -7 -7 -6 -6 -6 -6 -6 -6 -6 -5 -5 -5 -5 -5 -4 -4 -4 -4 -4 -3 -3 -3 -2 -2 -2 -1 -1 --------- Run | Yrd Mat Min Mat Min Mat Fac Low Low Zio Pro Fac Was Fac Low Low Dat Pro Fac Upp Upp War Pro Fac Upp Upp Zhi Pro Res Tes Res Qua Sec Acc Com Total 25054 | 54 864 713 789 698 583 1229 523 691 1046 683 727 322 1674 842 457 160 362 719 945 37 1011 681 1748 602 438 217 462 1126 1259 758 1290 194 271 879 Wait 2933 | . 71 167 97 214 50 59 36 30 196 69 242 18 118 88 18 1 26 34 186 2 94 77 236 18 . 13 23 109 195 115 64 1 89 177 Move 20600 | 45 693 527 514 429 416 1100 487 647 845 596 430 297 1465 749 422 130 326 639 749 33 871 593 1428 574 426 176 432 942 958 619 1170 182 169 521 Hop 80 | . . . . . . 12 . . . . 4 . 3 . 2 . 2 1 1 1 2 . 10 . . . . 6 20 2 12 2 . . Pick Up 122 | 3 17 3 20 3 7 8 . 4 . 2 3 1 8 . 2 . 2 2 . . 2 . 8 1 . 1 . 3 3 1 2 . 2 14 Fast Attach 165 | 6 2 4 10 1 8 5 . . 2 2 8 1 3 . . . 1 5 . . 12 . 11 . . 7 . 7 15 5 10 4 2 34 Attach 60 | . . . 1 2 4 4 . . . 1 5 . 2 . 2 . 3 . 1 . . . 5 1 . 1 . 6 2 2 3 . 3 12 Detach 34 | . . 1 1 . 2 3 . . . 1 2 . 1 . . . 1 1 . . 2 . 1 . . . 1 3 5 1 4 . 2 2 Swap 140 | . 3 . 17 1 16 6 . . . 2 4 1 16 3 2 1 1 8 5 1 . 4 7 2 2 1 5 4 17 1 4 . . 6 Drop 200 | . 6 4 37 2 22 10 . 3 3 4 10 4 6 . 1 . . 6 . . 12 . 8 . . 7 1 6 14 4 8 4 1 17 Fire 381 | . 68 6 90 45 57 . . . . 3 2 . 3 . . . . . 3 . . . 2 . 7 . . . 3 5 . . 1 86 Melee 283 | . . . . . . 22 . 7 . 3 17 . 29 2 8 28 . 15 . . 11 7 32 6 3 11 . 27 27 3 13 1 2 9 Ram . | . . . . . . . . . . . . . . . . . . . . . . . . . . . . . . . . . . . Kick . | . . . . . . . . . . . . . . . . . . . . . . . . . . . . . . . . . . . Crush 10 | . 4 1 2 1 1 . . . . . . . . . . . . . . . . . . . . . . . . . . . . 1 Escape Stasis 14 | . . . . . . . . . . . . . . . . . . 8 . . . . . . . . . 6 . . . . . . Rewire 5 | . . . . . . . . . . . . . . . . . . . . . 5 . . . . . . . . . . . . . Trap 27 | . . . . . . . . . . . . . 20 . . . . . . . . . . . . . . 7 . . . . . . Miscellaneous . | . . . . . . . . . . . . . . . . . . . . . . . . . . . . . . . . . . . Route ------- -11/Scrapyard -10/Materials (discovered 4 exits: *Mat x3 / *Min) -10/Mines (discovered 4 exits: *Mat x2 / [*Exi] / [*Sub]) -9/Materials (discovered 3 exits: *Mat / [*Min x2]) -9/Mines (discovered 2 exits: *Mat / *Zio) -8/Materials -7/Factory (discovered 2 exits: *Low x2) -7/Lower Caves -7/Lower Caves (discovered 2 exits: *Fac / *Zio) -7/Zion -6/Proximity Caves -6/Factory -6/Waste -6/Factory (discovered 2 exits: *Fac / *Low) -6/Lower Caves -6/Lower Caves (discovered 2 exits: *Fac / *Dat) -6/Data Miner -5/Proximity Caves -5/Factory (discovered 6 exits: Fac x4 / *Upp x2) -5/Upper Caves -5/Upper Caves -5/Warlord -4/Proximity Caves -4/Factory (discovered 6 exits: *Res / *Upp x2 / Ext x2 / Arm) -4/Upper Caves -4/Upper Caves (discovered 2 exits: *Res / *Zhi) -4/Zhirov -3/Proximity Caves -3/Research (discovered 3 exits: *Res / *Tes x2) -3/Testing -2/Research (discovered 2 exits: *Qua x2) -2/Quarantine (discovered 2 exits: *Acc / *Sec) -2/Section 7 -1/Access (discovered 2 exits: Sur / *Com) -1/Command (discovered 2 exits: Sur x2) History --------- Turn | Location | Event 9 | -11/Scrapyard | Discovered new exit (range 14) 74 | -11/Scrapyard | Entered Materials 317 | -10/Materials | Build established: Mutant 367 | -10/Materials | Discovered new exit (range 8) 608 | -10/Materials | Central database locked down 731 | -10/Materials | Discovered new exit (range 7) 926 | -10/Materials | Repaired Lgt. Treads 979 | -10/Materials | Discovered new exit (range 6) 989 | -10/Materials | Identified exit to Mines 1674 | -10/Materials | Entered Mines 1768 | -10/Mines | Deemed a non-threat by the Exiles lab entrance 1770 | -10/Mines | Discovered new exit (range 5) 2158 | -10/Mines | Found the Drone Emporium 2174 | -10/Mines | Found Prototype Device 2174 | -10/Mines | Identified Thief Drone Bay 2447 | -10/Mines | Excavation squad dispatched 2447 | -10/Mines | A large section of the Mines collapsed 2658 | -10/Mines | Discovered new exit (range 7) 2787 | -10/Mines | Found a hidden stash of uninstalled traps 2864 | -10/Mines | Found a damaged Exp. Sensor Array with a note attached 2869 | -10/Mines | Found Prototype Device 2869 | -10/Mines | Identified Exp. Sensor Array 2998 | -10/Mines | Received a Mining Laser from a helpful Derelict 3027 | -10/Mines | A weapon hastily lodged in a ceiling crevice suddenly fell to the ground 3085 | -10/Mines | Discovered new exit (range 10) 3086 | -10/Mines | Core integrity fell below 50% 3086 | -10/Mines | Core integrity fell below 20% 3109 | -10/Mines | Discovered new exit (range 8) 3138 | -10/Mines | Entered Materials 3138 | -9/Materials | Accompanied by 2 allies 3138 | -9/Materials | Evolved 2 slots: Propulsion x1, Utility x1 3446 | -9/Materials | Discovered new exit (range 11) 3567 | -9/Materials | Discovered new exit (range 7) 3768 | -9/Materials | Build established: Scavenger-Mutant 3771 | -9/Materials | Repaired Exp. Sensor Array 4165 | -9/Materials | Build established: Mutant 4189 | -9/Materials | Discovered new exit (range 11) 4471 | -9/Materials | Entered Mines 4517 | -9/Mines | A Derelict revealed a hidden shortcut to a safe place 4563 | -9/Mines | Learned Materials emergency access door positions 4816 | -9/Mines | Assembled infested the area 5241 | -9/Mines | Lost 3 parts (1p1n1u) 5452 | -9/Mines | Received a Rocket Launcher from a helpful Derelict 5495 | -9/Mines | Discovered new exit (range 7) 5503 | -9/Mines | Assisted by bots powering up and referring to "LRC-V3" 5517 | -9/Mines | Entered Materials 5517 | -8/Materials | Accompanied by 3 allies 5517 | -8/Materials | Evolved 2 slots: Propulsion x1, Utility x1 5518 | -8/Materials | Identified exit to Factory 5809 | -8/Materials | Destroyed 7 combat bots 6460 | -8/Materials | Entered Factory 6460 | -7/Factory | Evolved 2 slots: Utility x2 6733 | -7/Factory | Build established: Hacker-Sprinter 6768 | -7/Factory | Hacking Suite fried by hacking feedback 6881 | -7/Factory | Identified exit to Lower Caves 6928 | -7/Factory | Entered Lower Caves 6928 | -7/Lower Caves | Accompanied by 2 allies 6995 | -7/Lower Caves | Encountered a Warlord checkpoint 7008 | -7/Lower Caves | Learned location of 1 exit from Factory 7038 | -7/Lower Caves | Learned Factory terminal intel 7081 | -7/Lower Caves | Build established: Scavenger-Scout 7094 | -7/Lower Caves | Discovered new exit (range 9) 7096 | -7/Lower Caves | Identified exit to Lower Caves 7106 | -7/Lower Caves | Entered another Lower Caves area 7106 | -7/Lower Caves | Accompanied by 2 allies 7119 | -7/Lower Caves | Discovered new exit (range 10) 7122 | -7/Lower Caves | Identified exit to Factory 7181 | -7/Lower Caves | Spotted B-75 Beast 7343 | -7/Lower Caves | Discovered new exit (range 7) 7344 | -7/Lower Caves | Identified exit to Zion 7345 | -7/Lower Caves | Entered Zion 7352 | -7/Zion | Given the Hacking Drone Bay 7356 | -7/Zion | Learned location of Extension (-4) 7361 | -7/Zion | Found CR-A16's Pointy Stick 7380 | -7/Zion | Discovered new exit (range 12) 7383 | -7/Zion | Identified exit to Proximity Caves 7412 | -7/Zion | Gained Derelict followers 7791 | -7/Zion | Entered Proximity Caves 7791 | -6/Proximity Caves | Accompanied by 5 allies 7947 | -6/Proximity Caves | Spotted B-75 Beast 8023 | -6/Proximity Caves | Attracted the attention of an 0b10 checkpoint 8053 | -6/Proximity Caves | Lost 3 allies 8136 | -6/Proximity Caves | Discovered exit to Factory (range 15) 8140 | -6/Proximity Caves | Entered Factory 8140 | -6/Factory | Evolved 2 slots: Propulsion x1, Utility x1 8141 | -6/Factory | Identified exit to Factory 8142 | -6/Factory | Loaded intel: 25 terminal locations 8445 | -6/Factory | Build established: Hacker-Sprinter 8466 | -6/Factory | Crushed by falling debris 8577 | -6/Factory | Sucked down chute 8577 | -6/Factory | Entered Waste 8582 | -6/Waste | Spotted C-40 Crusher 8587 | -6/Waste | Warlord forces began an assault 8588 | -6/Waste | Allies destroyed C-40 Crusher 8617 | -6/Waste | Spotted C-40 Crusher 8630 | -6/Waste | Spotted C-40 Crusher 8631 | -6/Waste | Allies destroyed C-40 Crusher 8654 | -6/Waste | Spotted C-40 Crusher 8657 | -6/Waste | Allies destroyed C-40 Crusher 8668 | -6/Waste | Discovered new exit (range 13) 8671 | -6/Waste | Identified exit to Factory 8672 | -6/Waste | Entered Factory 8755 | -6/Factory | Build established: Hacker-Scout 8775 | -6/Factory | Fabricated Adv. Hacking Suite? 8821 | -6/Factory | Fabricated Adv. Hacking Suite? 8950 | -6/Factory | Discovered exit to Factory (range 4) 9022 | -6/Factory | Search patrols dispatched 9073 | -6/Factory | Fabricated Exp. Propulsion Shielding? 9223 | -6/Factory | Fabricated Adv. Hacking Suite? 9241 | -6/Factory | Fabricated Exp. Utility Shielding? 9243 | -6/Factory | Repaired Cld. Impulse Thruster 9274 | -6/Factory | Discovered new exit (range 13) 9276 | -6/Factory | Identified exit to Lower Caves 9279 | -6/Factory | Central database locked down 9279 | -6/Factory | Entered Lower Caves 9281 | -6/Lower Caves | Learned 8 Factory zone layouts 9420 | -6/Lower Caves | Spotted B-75 Beast 9499 | -6/Lower Caves | Encountered a Warlord checkpoint 9501 | -6/Lower Caves | Identified exit to Lower Caves 9550 | -6/Lower Caves | Entered another Lower Caves area 9572 | -6/Lower Caves | Discovered exit to Factory (range 8) 9582 | -6/Lower Caves | Encountered a Warlord checkpoint 9597 | -6/Lower Caves | Learned location of 2 exits from Factory 9600 | -6/Lower Caves | Learned 4 Factory zone layouts 9697 | -6/Lower Caves | Discovered new exit (range 11) 9699 | -6/Lower Caves | Identified exit to Data Miner 9699 | -6/Lower Caves | Entered Data Miner 9699 | -6/Data Miner | Discovered new exit (range 6) 9701 | -6/Data Miner | Identified exit to Proximity Caves 9703 | -6/Data Miner | Met Data Miner 9709 | -6/Data Miner | Learned location of Section 7 (-2) 9709 | -6/Data Miner | Acquired the access code to Warlord's prototype stash 9713 | -6/Data Miner | Received God Mode back door access code from Data Miner 9718 | -6/Data Miner | Data Conduit disabled 9816 | -6/Data Miner | Entered Proximity Caves 9818 | -5/Proximity Caves | Spotted B-75 Beast 9823 | -5/Proximity Caves | Learned 12 Factory zone layouts 9867 | -5/Proximity Caves | Lost 3 parts (1p1u1w) 9902 | -5/Proximity Caves | Learned 4 Factory zone layouts 9919 | -5/Proximity Caves | Discovered exit to Factory (range 11) 9926 | -5/Proximity Caves | Entered Factory 9926 | -5/Factory | Evolved 2 slots: Power x1, Propulsion x1 9927 | -5/Factory | Identified exit to Upper Caves 9928 | -5/Factory | Identified exit to Factory 10038 | -5/Factory | Fabricated Exp. Propulsion Shielding? 10072 | -5/Factory | Fabricated Adv. Hacking Suite? 10195 | -5/Factory | Entered Upper Caves 10311 | -5/Upper Caves | Spotted B-75 Beast 10413 | -5/Upper Caves | Discovered new exit (range 13) 10415 | -5/Upper Caves | Identified exit to Upper Caves 10575 | -5/Upper Caves | Entered another Upper Caves area 10587 | -5/Upper Caves | Learned location of Armory (-4) 10587 | -5/Upper Caves | Discovered new exit (range 6) 10587 | -5/Upper Caves | Identified exit to Warlord 10588 | -5/Upper Caves | Entered Warlord 10709 | -5/Warlord | Found Prototype Device 10709 | -5/Warlord | Identified Minesniffer Drone Bay 10772 | -5/Warlord | Warlord's base attacked by MAIN.C 10788 | -5/Warlord | Met Warlord 10792 | -5/Warlord | Opened Warlord's prototype stash 10796 | -5/Warlord | Found Prototype Processor 10796 | -5/Warlord | Identified Exp. Targeting Computer 10802 | -5/Warlord | Found Prototype Processor 10802 | -5/Warlord | Identified Exp. Armor Integrity Analyzer 10823 | -5/Warlord | Found Prototype Energy Gun 10823 | -5/Warlord | Identified Vortex Rifle 10826 | -5/Warlord | Found Prototype Energy Gun 10826 | -5/Warlord | Identified Vortex Rail 10896 | -5/Warlord | Opened side exit 10946 | -5/Warlord | Discovered new exit (range 9) 10947 | -5/Warlord | Identified exit to Proximity Caves 10960 | -5/Warlord | Entered Proximity Caves 10960 | -4/Proximity Caves | Accompanied by 1 ally 11014 | -4/Proximity Caves | Learned Research emergency access door positions 11044 | -4/Proximity Caves | Spotter reported a threat 11070 | -4/Proximity Caves | Learned 4 Research zone layouts 11133 | -4/Proximity Caves | Spotter reported a threat 11139 | -4/Proximity Caves | Spotter reported a threat 11143 | -4/Proximity Caves | Spotted B-86 Titan 11180 | -4/Proximity Caves | Discovered exit to Factory (range 5) 11192 | -4/Proximity Caves | Spotter reported a threat 11201 | -4/Proximity Caves | Entered Factory 11201 | -4/Factory | Evolved 2 slots: Utility x2 11284 | -4/Factory | Repaired Exp. Utility Shielding 11370 | -4/Factory | Repaired Imp. Medium Armor Plating? 11393 | -4/Factory | Central database locked down 11451 | -4/Factory | Search patrols dispatched 11455 | -4/Factory | Lost 3 parts (1p2u) 11462 | -4/Factory | Fabricated Stasis Canceller (x1) 11617 | -4/Factory | Repaired Exp. Propulsion Shielding? 11657 | -4/Factory | Fabricated Exp. Sensor Array? 11674 | -4/Factory | Identified exit to Upper Caves 11674 | -4/Factory | Identified exit to Extension 11674 | -4/Factory | Identified exit to Armory 11701 | -4/Factory | Search patrols dispatched 11754 | -4/Factory | Repaired Antimatter Reactor? 11862 | -4/Factory | Discovered new exit (range 14) 11905 | -4/Factory | Entered Upper Caves 11935 | -4/Upper Caves | Encountered a Warlord checkpoint 12000 | -4/Upper Caves | Learned Factory emergency access door positions 12000 | -4/Upper Caves | Learned Extension terminal intel 12044 | -4/Upper Caves | Learned location of 1 exit from Research 12073 | -4/Upper Caves | Attracted the attention of an 0b10 checkpoint 12084 | -4/Upper Caves | Discovered new exit (range 5) 12085 | -4/Upper Caves | Identified exit to Upper Caves 12085 | -4/Upper Caves | Entered another Upper Caves area 12086 | -4/Upper Caves | Encountered a Warlord checkpoint 12103 | -4/Upper Caves | Discovered new exit (range 11) 12105 | -4/Upper Caves | Identified exit to Research 12119 | -4/Upper Caves | Attracted the attention of an 0b10 checkpoint 12202 | -4/Upper Caves | Spotted B-86 Titan 12204 | -4/Upper Caves | Discovered new exit (range 4) 12205 | -4/Upper Caves | Identified exit to Zhirov 12205 | -4/Upper Caves | Entered Zhirov 12205 | -4/Zhirov | Discovered new exit (range 3) 12209 | -4/Zhirov | Met Zhirov 12214 | -4/Zhirov | Learned location of Quarantine (-2) 12214 | -4/Zhirov | Learned location of Testing (-3) 12214 | -4/Zhirov | Learned location of Command (-1) 12217 | -4/Zhirov | Zhirov requested help retrieving the SGEMP Prototype 12221 | -4/Zhirov | Found Alien Artifact 12221 | -4/Zhirov | Identified Integrated Reactor 12221 | -4/Zhirov | Installed Integrated Reactor, increased core energy generation (+10) 12229 | -4/Zhirov | Found Alien Artifact 12288 | -4/Zhirov | Identified exit to Proximity Caves 12300 | -4/Zhirov | Entered Proximity Caves 12319 | -3/Proximity Caves | Spotted B-86 Titan 12402 | -3/Proximity Caves | Discovered exit to Research (range 13) 12410 | -3/Proximity Caves | Entered Research 12410 | -3/Research | Evolved 2 slots: Utility x2 12411 | -3/Research | Identified exit to Testing 12419 | -3/Research | Found Spectral Analyzer 12492 | -3/Research | Fabricated Exp. Propulsion Shielding (x1) 12559 | -3/Research | Found Prototype Device 12583 | -3/Research | Spotted B-86 Titan 12589 | -3/Research | Identified Adv. EM Disruption Field 12591 | -3/Research | Found Prototype Device 12591 | -3/Research | Identified Exp. Shield Generator 12608 | -3/Research | Discovered new exit (range 20) 12720 | -3/Research | Fabricated Mni. Smartbomb Launcher? 12752 | -3/Research | Spotted B-86 Titan 12801 | -3/Research | Entered Testing 12801 | -3/Testing | Accompanied by 1 ally 12823 | -3/Testing | Found Prototype Slashing Weapon 12823 | -3/Testing | Identified Molecular Scythe 12894 | -3/Testing | Unstable Terrabomb Derivative detonated 12908 | -3/Testing | Fabricated Exp. Propulsion Shielding (x1) 12931 | -3/Testing | Fabricated Exp. Cesium-ion Thruster (x1) 12938 | -3/Testing | Identified Transdimensional Reconstructor 12953 | -3/Testing | Spotted PH-PBQQEEE26Z 12956 | -3/Testing | Rewired PH-PBQQEEE26Z 13001 | -3/Testing | Found Prototype Device 13001 | -3/Testing | Identified 2N-1CE's Frost Array 13038 | -3/Testing | Scanned by Researcher 13051 | -3/Testing | First assault squad dispatched 13091 | -3/Testing | Repaired Exp. Utility Shielding 13098 | -3/Testing | Spotted Striker 13136 | -3/Testing | Repaired Cld. Impulse Thruster 13160 | -3/Testing | Repaired Imp. Cesium-ion Thruster 13183 | -3/Testing | Spotted Striker 13192 | -3/Testing | Spotted Alpha 7 13192 | -3/Testing | Stole the SGEMP Prototype 13193 | -3/Testing | Warped through subspace 13246 | -3/Testing | Lost 3 allies 13266 | -3/Testing | Discovered new exit (range 5) 13292 | -3/Testing | Found Prototype Hackware 13292 | -3/Testing | Identified System Mapper 13312 | -3/Testing | Identified exit to Research 13312 | -3/Testing | Entered Research 13312 | -2/Research | Warlord forces began assault on 0b10 13312 | -2/Research | Evolved 2 slots: Utility x1, Weapon x1 13339 | -2/Research | Identified exit to Quarantine 13378 | -2/Research | Fabricated Adv. Energy Well (x1) 13422 | -2/Research | Research machine network offline 13430 | -2/Research | Met up with Warlord 13434 | -2/Research | Took control of God Mode 13434 | -2/Research | Attacked by Warlord forces 13434 | -2/Research | Spotted 6S-7QC(g) 13438 | -2/Research | Spotted 0F-IB7(K) 13438 | -2/Research | Attacked by Warlord 13440 | -2/Research | Spotted ZF-UGF(K) 13444 | -2/Research | Allies destroyed ZF-UGF(K) 13446 | -2/Research | Spotted 87-JU5(D) 13474 | -2/Research | Allies destroyed Warlord 13474 | -2/Research | Allies destroyed 0F-IB7(K) 13476 | -2/Research | Warlord destroyed during the assault 13492 | -2/Research | Destroyed 6S-7QC(g) 13509 | -2/Research | Spotted 75-VJI(K) 13512 | -2/Research | Borebot progress halted 13563 | -2/Research | Entered Quarantine 13589 | -2/Quarantine | Build established: Wizard-Scout 13645 | -2/Quarantine | Found Alien Slashing Weapon 13645 | -2/Quarantine | Identified Sigix Broadsword 13653 | -2/Quarantine | Found Alien Energy Cannon 13653 | -2/Quarantine | Identified Core Cannon 13672 | -2/Quarantine | Found Alien Artifact 13672 | -2/Quarantine | Identified Phase Redirector 13698 | -2/Quarantine | Found Prototype Processor 13698 | -2/Quarantine | Identified Exp. Core Analyzer 13707 | -2/Quarantine | Repaired Exp. Propulsion Shielding? 13719 | -2/Quarantine | Discovered new exit (range 15) 13727 | -2/Quarantine | Repaired Exp. Utility Shielding? 13749 | -2/Quarantine | Found Transdimensional Reconstructor 13796 | -2/Quarantine | Found Prototype Device 13796 | -2/Quarantine | Identified Thermal Barrier 13813 | -2/Quarantine | Search patrols dispatched 13837 | -2/Quarantine | Adv. Hacking Suite fried by hacking feedback 13873 | -2/Quarantine | Repaired Cld. Impulse Thruster 13887 | -2/Quarantine | Spotted Fortress 13898 | -2/Quarantine | Discovered new exit (range 5) 13899 | -2/Quarantine | Identified exit to Section 7 13899 | -2/Quarantine | Entered Section 7 13903 | -2/Section 7 | Identified exit to Access 13918 | -2/Section 7 | Spotted S7 Guard 13922 | -2/Section 7 | Found Alien Artifact 13922 | -2/Section 7 | Identified Core Membrane 13922 | -2/Section 7 | Installed Core Membrane, gained immunity to corruption 13935 | -2/Section 7 | Spotted B-90 Cyclops 13943 | -2/Section 7 | Entered Access 13943 | -1/Access | Evolved 2 slots: Utility x1, Weapon x1 13944 | -1/Access | Delivered the SGEMP Prototype to Zhirov 13944 | -1/Access | Zhirov transferred Access data 13945 | -1/Access | Loaded intel: 110 machine locations 13945 | -1/Access | Loaded intel: 64 trap records 13945 | -1/Access | Identified exit to Surface 13945 | -1/Access | Discovered exit to Surface (range 109) 13945 | -1/Access | Identified exit to Command 13945 | -1/Access | Discovered exit to Command (range 102) 13951 | -1/Access | Murdered Zhirov 13951 | -1/Access | Destroyed Zhirov 13955 | -1/Access | Found Prototype Hackware 13955 | -1/Access | Identified Deep Network Scanner 13957 | -1/Access | Found Deep Network Scanner 13959 | -1/Access | Found Transdimensional Reconstructor 13960 | -1/Access | Found Prototype Hackware 14079 | -1/Access | Entered Command 14079 | -1/Command | Accompanied by 2 allies (incl. Perun, Svarog) 14169 | -1/Command | Spotted M Guard 14169 | -1/Command | Spotted M Guard 14169 | -1/Command | Spotted Combat Programmer 14169 | -1/Command | Spotted Combat Programmer 14202 | -1/Command | Identified Quantum Router 14225 | -1/Command | Met MAIN.C 14225 | -1/Command | 0b10 Conduit disabled 14334 | -1/Command | Destroyed MAIN.C Shell 14336 | -1/Command | Surrendered to MAIN.C 14336 | -1/Command | Loaded intel: 51 machine locations 14336 | -1/Command | Loaded intel: 101 trap records 14336 | -1/Command | Discovered exit to Surface (range 99) 14336 | -1/Command | Discovered exit to Surface (range 25) 14357 | -1/Command | Found Prototype Ballistic Cannon 14357 | -1/Command | Identified Omega Cannon 14360 | -1/Command | Found Prototype Reactor 14360 | -1/Command | Identified Vortex Chain Reactor 14375 | -1/Command | Found Prototype Device 14378 | -1/Command | Found Prototype Device 14381 | -1/Command | Found Prototype Device 14385 | -1/Command | Found Prototype Device 14461 | -1/Command | MAIN.C activated Command garrisons 14498 | -1/Command | Unknown forces attacked Command 14499 | -1/Command | Spotted EQ-002 14502 | -1/Command | Spotted EQ-012 14503 | -1/Command | Spotted EQ-000 14511 | -1/Command | Spotted EQ-006 14514 | -1/Command | Spotted EQ-005 14516 | -1/Command | Core integrity fell below 50% 14545 | -1/Command | Spotted EQ-010 14561 | -1/Command | Identified Exp. Focal Shield 14562 | -1/Command | Identified Exp. Phase Shifter 14564 | -1/Command | Lost 7 parts (1p3n1u2w) 14564 | -1/Command | Identified Femtoactuators 14565 | -1/Command | Identified Exp. System Purifier 14583 | -1/Command | Spotted EQ-001 14596 | -1/Command | Spotted EQ-019 14596 | -1/Command | Spotted EQ-025 14641 | -1/Command | Destroyed EQ-025 14662 | -1/Command | Lost 7 parts (1n5u1w) 14672 | -1/Command | Spotted EQ-026 14676 | -1/Command | Spotted EQ-033 14683 | -1/Command | Spotted EQ-034 14685 | -1/Command | Spotted EQ-030 14695 | -1/Command | Destroyed EQ-026 14706 | -1/Command | Core integrity fell below 20% 14707 | -1/Command | Spotted EQ-040 14707 | -1/Command | Spotted EQ-038 14707 | -1/Command | Spotted EQ-039 14707 | -1/Command | Spotted EQ-041 14711 | -1/Command | Spotted EQ-058 14751 | -1/Command | Destroyed EQ-030 14761 | -1/Command | Lost 10 parts (2p1n4u3w) 14777 | -1/Command | Found Corrupted Exp. Core Analyzer 14793 | -1/Command | Spotted EQ-047 14809 | -1/Command | Found Prototype Ballistic Gun 14809 | -1/Command | Identified Multirail 14816 | -1/Command | Spotted EQ-074 14816 | -1/Command | Spotted EQ-077 14816 | -1/Command | Spotted EQ-062 14816 | -1/Command | Spotted EQ-081 14831 | -1/Command | Spotted EQ-079 14864 | -1/Command | Lost 46 allies 14899 | -1/Command | Found Exp. Targeting Computer 14915 | -1/Command | Found Corrupted Prototype Device 14916 | -1/Command | Identified Adv. Kinecellerator 14923 | -1/Command | Destroyed EQ-104 14926 | -1/Command | Spotted EQ-086 14926 | -1/Command | Spotted EQ-092 14926 | -1/Command | Spotted EQ-085 14926 | -1/Command | Spotted EQ-087 14926 | -1/Command | Spotted EQ-084 14926 | -1/Command | Spotted EQ-106 14940 | -1/Command | Destroyed EQ-085 14982 | -1/Command | Found Corrupted Exp. Core Analyzer 14992 | -1/Command | Spotted EQ-099 14992 | -1/Command | Spotted EQ-094 14997 | -1/Command | Destroyed EQ-094 15002 | -1/Command | Spotted EQ-072 15009 | -1/Command | Spotted EQ-101 15030 | -1/Command | Spotted EQ-111 15030 | -1/Command | Spotted EQ-110 15044 | -1/Command | All MAIN.C guards destroyed 15062 | -1/Command | Found Exp. Armor Integrity Analyzer 15069 | -1/Command | Spotted EQ-130 15080 | -1/Command | Spotted EQ-134 15085 | -1/Command | Destroyed EQ-130 15106 | -1/Command | Spotted EQ-128 15107 | -1/Command | Lost 5 allies 15119 | -1/Command | Destroyed by EQ-128 with Nova Cannon Last Messages --------------- Penetrated by Slug. Slug penetrates EQ-134. Penetrated by Slug. Acquired 18 matter. Exp. Core Shielding destroyed. EQ-134 suffers critical hit (Destroy). Destroyed Exp. Cooling System. Acquired 18 matter. Penetrated by Slug. Slug penetrates EQ-134. Acquired 18 matter. Penetrated by Slug. Slug penetrates Reinforced Barrier. Slug penetrates EQ-128. Exp. Cooling System destroyed. Slug penetrates Reinforced Barrier. Slug penetrates EQ-128. Slug penetrates EQ-134. EQ-134 suffers critical hit (Destroy). Destroyed Prototype Leg. Map ----- +----------------------------------------------------+ | # ##* #??????????????????????????????? | | ### ## % %% #??????????????????????????????? | | ??# ## #??????????????????????????????? | | ??# %% =% % #??????????????????????????????? | | ??#=% ==%== #??????????????????????????????? | | ### *!%*! ! #??###########################?? | | =!=! #??#???????????##!???????????#?? | | != % =!= #??#?###########%###########?### | | ## != [%[% #??#?# ![%!%=%!! %% ##""# | | # ! ""% #??#?# !=!%%%!* = =" #?? | | # % ="" #??#?# %! !!%=! == =!!#### | | # =* T" #??#?# % !%[!= %[*/|%* | | # %= #??#?# %%=!=!*%=!"%!*% | | # = ! %#??#?# ![ *g!![%*%=%!! | | + % *[ ! "??#?# % % % =%=%=%!%#"### | | # = % != ??#?# % % !* = " | | # % =% %?#?# % %!##### | | ######""" #E ]# #### %! % %%#?#?? | | #????#""" %= ## # %%] % ! #?#?? | | #????##### [=%%* # # ; % #?#?? | | #??????????# [[#* #!= !% #?#?? | | # ""#;##;######=! =%#%#%[ % % = #?#?? | | ] % =![ %%! #*=%= * / #?#?? | | % % ! =[ % *[]!l!!%==% / #?#?? | | [* =! Q % !!%!%%%!* !%*! #?#?? | | |[%%%! =Q %%=!%% ![@ ! = % #?#?? | | %% % % =*=%#!##[ % #?#?? | | % % %!!%#!# "#?#?? | | % * =*##### #?#?? | | !]! [!% *!#?#?#######################?#?? | | =%! =%[ % ! # !#?#?????????????????????????#?? | | * = %*!! # #?###########################?? | | #%= %!%=[## !]#?????????????????????????????? | | # !=!!#?# ! #?????????????????????????????? | | * #?###"#?????????????????????????????? | | # !% #???###?????????????????????????????? | | # ### % = #???????????????????????????????????? | | #???????????????????????????????????? | | % #???????????????????????????????????? | | % #???????????????????????????????????? | | != #???????????????????????????????????? | | #???????????????????????????????????? | | #???????????????????????????????????? | | #???????????????????????????????????? | | #???????????????????????????????????? | | #???????????????????????????????????? | | ####+#### #???????????????????????????????????? | | ## ## #???????????????????????????????????? | | ## ## #???????????????????????????????????? | | / ## ##??????????????????????????????????? | +----------------------------------------------------+ Best States ------------- Heat Dissipation 149 Energy Generation 65 Energy Capacity 1200 Matter Stores 300 Matter Capacity 300 Sight Range 24 Robot Scan Range 20 Terrain Scan Density 10 Additional Mass Support 20 Armor Coverage 450 Resistance: EM 50 Core Shielding 40 Propulsion Shielding 90 Utility Shielding 90 Evasion (%) 66 Targeting Accuracy 20 Target Analysis 8 Core Analysis 12 Armor Integrity Analysis 50 Recoil Reduction 6 Energy Filtering 50 Kinecelleration 50 Offensive Hacking 84 Defensive Hacking 25 Trap Extractor Capacity 4 Item Schematics ----------------- Flight Unit | -9/Materials | Scanalyzed Datajack | -9/Materials | Scanalyzed Hacking Suite | -9/Materials | Scanalyzed Exp. Sensor Array | -8/Materials | Scanalyzed VTOL Module | -8/Materials | Scanalyzed Imp. Light Armor Plating | -8/Materials | Scanalyzed Imp. Propulsion Shielding | -7/Factory | Hacked Imp. Utility Shielding | -7/Factory | Hacked Adv. Hacking Suite | -6/Factory | Hacked Exp. Propulsion Shielding | -6/Factory | Hacked Exp. Utility Shielding | -6/Factory | Hacked Stasis Canceller | -6/Factory | Hacked Cld. VTOL Module | -6/Factory | Hacked Combat Drone Bay | -6/Data Miner | Free Adv. Datajack | -6/Data Miner | Free Impulse Thruster Array | -6/Data Miner | Free Hyp. Coil Gun | -6/Data Miner | Free Trap Extractor | -5/Factory | Scanalyzed Gravity Neutralizer | -5/Factory | Hacked Exp. Cesium-ion Thruster | -4/Factory | Hacked Assault Drone Bay | -4/Zhirov | Free Exp. Heat Sink | -4/Zhirov | Free Exp. Optical Array | -4/Zhirov | Free Mni. Smartbomb Launcher | -3/Research | Hacked Kinetic Spear | -3/Research | Hacked Adv. Gravity Neutralizer | -3/Research | Hacked Molecular Scythe | -3/Testing | Scanalyzed Cld. Nuclear Pulse Thruster | -3/Testing | Archive Imp. KE Penetrator | -3/Testing | Archive Cld. Fission Core | -3/Testing | Archive Graviton Reactor | -3/Testing | Archive Hvy. Proton Cannon | -3/Testing | Archive Exp. Flexi-carbon Leg | -3/Testing | Archive Plasma Sword | -3/Testing | Archive Enh. Biometal Leg | -3/Testing | Archive Hvy. Tesla Rifle | -3/Testing | Archive Hdn. Centrium Wheel | -3/Testing | Archive Adv. Matter Compressor | -3/Testing | Archive Adv. Energy Well | -2/Research | Hacked Robot Schematics ------------------ M-36 Artificer | -6/Data Miner | Free H-77 Assassin | -3/Testing | Archive O-32 Director | -3/Testing | Archive R-06 Scavenger | -3/Testing | Archive Fabricated ------------ Adv. Hacking Suite | x1 | -6/Factory Adv. Hacking Suite | x1 | -6/Factory Exp. Propulsion Shielding | x1 | -6/Factory Adv. Hacking Suite | x1 | -6/Factory Exp. Utility Shielding | x1 | -6/Factory Exp. Propulsion Shielding | x1 | -5/Factory Adv. Hacking Suite | x1 | -5/Factory Stasis Canceller | x1 | -4/Factory Exp. Sensor Array | x1 | -4/Factory Exp. Propulsion Shielding | x1 | -3/Research Mni. Smartbomb Launcher | x1 | -3/Research Exp. Propulsion Shielding | x1 | -3/Testing Exp. Cesium-ion Thruster | x1 | -3/Testing Adv. Energy Well | x1 | -2/Research Alien Tech Used ----------------- Integrated Reactor Transdimensional Reconstructor Sigix Broadsword Core Cannon Phase Redirector Core Membrane Achievements -------------- None Challenges ------------ None Game ------ Seed MatterHeatConstruct Manual? 1 Play Time 04:36:52 Cumulative 517.2 hours Start 2024.07.24 @ 21:36:42 End 2024.07.25 @ 20:15:36 Sessions 37 Manual Loads 0 Difficulty Rogue Special Mode None Game No. 269 Rogue 269 Adventurer 0 Explorer 0 Win Type - Total 34 Types 22/2/3/3/1/1/1/1/0 Lore% 91 Gallery% 99 Achievement% 98 Wizard Run 0 Options --------- Layout 1 ASCII 0 Keyboard 0 Movement Numpad Keybinds 0 Fullscreen 1 Font 24/Smallcaps Map View 50x35 Zoom Use 0% Tactical HUD 1 Map Filters NONE Filters NONE Steam 1 RUN: 21f8c143-0abc-4f65-98b9-963e8798ba47